Workbook

Sheet ESTUDIOS POLIZAS
A3: COTIZACIONES POLIZAS
B4: 1 | E4: 2 | H4: 3
A5: NOMBRE DE ASESOR | B5: Asesoras Profesionales en Seguros, Fianzas y Pólizas. | E5: Asesor de seguros bastet Ltda | H5: Sandra Fabiola Mora Gutiérrez. Asesora Profesional de Seguros, Fianzas y Pólizas.
A6: ENTIDAD ASEGURADORA | B6: SEGUROS DEL ESTADO | E6: COLMENA SEGUROS | F6: SEGUROS DEL ESTADO | G6: METLIFE | H6: SURAMERICANA SEGUROS
A7: VALOR ASEGURADO | B7: 5000000 | C7: 10000000 | D7: 20000000 | E7: 5000000 | F7: 10000000 | G7: 20000000 | H7: 5000000 | I7: 10000000 | J7: 20000000
A8: VALOR DE LA PRIMA | B8: 2000 | C8: 3000 | D8: 5000 | E8: 1300 | F8: 2500 | G8: 2375 | H8: 2500 | I8: 3500 | J8: 6000
A12: ESTUDIO DE POLIZAS POR VALOR ASEGURADO | B12: 5000000 | C12: 10000000 | D12: 20000000
A13: PROMEDIO VALOR PRIMA | B13: =+(B8+E8+H8)/3 -> 1933.3333 | C13: =+(C8+F8+I8)/3 -> 3000 | D13: =+(D8+G8+J8)/3 -> 4458.3333
A14: PROMEDIO VALOR TOTAL | B14: =+AVERAGE(B13:D13) -> 3130.5556
D17: =+B14*3 -> 9391.6667
D18: 9391.6667

Sheet ESTUDIOS MEDIOS TECN
E1: CANTIDAD DE MEDIOS POR SEDE
A2: CONSOLIDADO MEDIOS TECNOLOGICOS SOLICITADOS | E2: Palacio de justicia de cucuta | F2: edificio temis | G2: villa del Rosario | H2: Palacio de Justicia de Los Patios | I2: Bodega Archivos Los Patios | J2: edificio bco Bogota | K2: Juzgado 1 pequeñas causas, LIBERTAD | L2: Juzgado 2 pequeñas causas, ATALAYA | M2: Juzgado 3 pequeñas causas, ATALAYA | N2: Palacio Nacional | O2: CESPA Cucuta | P2: P Just Pamplona | Q2: Palacio Justicia Ocaña | R2: Edificio bahene Juz, prom de flia 1y 2 De Ocaña | S2: Juzgados Administrativos Ocaña | T2: P, Jus, Ocaña Remodelación | U2: Gonzales Cesar | V2: Hacari | W2: Juzgado de Tibu | X2: San calixto | Y2: Juzgado del Tarra | Z2: Juzgado 2 Administrativo y 2 Ejecución Ocaña | AA2: Sede Juzgados 1,3 y 4 Penales del Circuito OCAÑA | AB2: EL CARMEN | AC2: ABREGO | AD2: RIO DE ORO | AE2: CONVENCION | AF2: TEORAMA | AG2: LA PLAYA | AH2: SARDINATA | AI2: Juz, 1 y 2 prom flia Saravena | AJ2: Juz, cto de Saravena | AK2: Juz, de flia de Saravena | AL2: Cespa Arauca | AM2: Palacio Antiguo de Arauca | AN2: Bodega archivo arauca | AO2: Palcio nuevo de Arauca | AP2: Contraloria departamental Juz de Saravena | AQ2: Edificio Atenea Archivo | AR2: Juzgaqdo Tame Arauca | AS2: Juzgado 01 prom de Fortul | AT2: Juzgado Cravo Norte Arauca | AU2: VALORES | AX2: COTIZACION No 01 COOPSERCIVICOS ASOCIADOS | BA2: COTIZACION No 02 EDISMAN LTDA | BD2: COTIZACION No 03 EAGLE AMERICAN DE SEGURIDAD LTDA
A3: ITEM | B3: MEDIO SOLICITADO | C3: ESPECIFICACIÓN TECNICA | D3: CANTIDAD TOTAL | E3: 1 | F3: 2 | G3: 3 | H3: 4 | J3: 5 | K3: 6 | L3: 7 | M3: 8 | N3: 9 | O3: 10 | P3: 11 | Q3: 12 | R3: 13 | S3: 14 | T3: 15 | U3: 16 | V3: 17 | W3: 18 | X3: 19 | Y3: 20 | Z3: 21 | AA3: 22 | AB3: 23 | AC3: 24 | AD3: 25 | AE3: 26 | AF3: 27 | AG3: 28 | AH3: 29 | AI3: 30 | AJ3: 31 | AK3: 32 | AL3: 33 | AM3: 34 | AN3: 35 | AO3: 36 | AP3: 37 | AQ3: 38 | AR3: 39 | AS3: 40 | AT3: 41 | AU3: VALOR UNITARIO | AV3: VALOR TOTAL | AX3: VALOR UNITARIO | AY3: VALOR TOTAL | BA3: VALOR UNITARIO | BB3: VALOR TOTAL | BD3: VALOR UNITARIO | BE3: VALOR TOTAL
A4: 1 | B4: CAMARA PARA INTERIORES | C4: CAMARA 4 EN 1 1/2,7" CMOS 5MP@20FPS TIPO BALA METALICA 2,8MM FOV 93° DWDR IR 20M IP67, Tecnología: 4 en 1. | D4: =SUM(E4:AT4) -> 395 | E4: 83 | F4: 29 | G4: 5 | H4: 30 | I4: 12 | J4: 12 | K4: 4 | L4: 4 | M4: 4 | N4: 9 | O4: 8 | P4: 21 | Q4: 16 | R4: 4 | S4: 4 | U4: 8 | W4: 4 | X4: 4 | Z4: 4 | AA4: 4 | AB4: 4 | AC4: 4 | AD4: 4 | AE4: 4 | AG4: 4 | AH4: 4 | AI4: 8 | AJ4: 4 | AK4: 4 | AL4: 8 | AM4: 16 | AN4: 8 | AO4: 26 | AP4: 4 | AQ4: 12 | AR4: 4 | AS4: 4 | AT4: 4 | AU4: =+AVERAGE(AX4+BA4+BD4)/3 -> 33443.183 | AV4: =+AU4*D4 -> 13210057 | AX4: 34195.923 | AY4: 13370606 | BA4: 33873.32 | BB4: 13244468 | BD4: 32260.305 | BE4: 12613779
A5: 2 | B5: CAMARA PARA EXTERIORES | C5: CAMARA 4 EN 1 1/2,7" CMOS 1080P TIPO BALA METALICA LENTE MOTORIZADO 2,7-12MM FOV 33.4°-105.9° DWDR IR 60M IP67, Tecnología: 4 en 1. | D5: =SUM(E5:AT5) -> 29 | E5: 10 | F5: 7 | G5: 3 | H5: 2 | O5: 2 | P5: 5 | AU5: =+AVERAGE(AX5+BA5+BD5)/3 -> 40459.694 | AV5: =+AU5*D5 -> 1173331.1 | AX5: 40589.789 | AY5: 1177103.9 | BA5: 41760.649 | BB5: 1211058.8 | BD5: 39028.643 | BE5: 1131830.7
A6: 3 | B6: CIBER DOMOS PTZ | C6: Alcance De Vision Inflarroja 100 m Angulo De Vision 360.00 Con Infrarrojo Con Visión Nocturna Distancia De Alcance 60 Metros Modelo ZS Ambiente De Uso Exterior Calidad De Resolucion 2MP Cantidad Máxima De Fps 30 Zoom Óptico 25x Tipo De Cámara PTZ Tipo De Conexión IP. WDR, Smart IR100m, RS485, IP66, 12VDC/3A resolución de 1080P a 25/30 fps. | D6: =SUM(E6:AT6) -> 9 | E6: 4 | H6: 2 | P6: 1 | Q6: 2 | AU6: =+AVERAGE(AX6+BA6+BD6)/3 -> 88218.777 | AV6: =+AU6*D6 -> 793968.99 | AX6: 89883.282 | AY6: 808949.54 | BA6: 91547.787 | BB6: 823930.09 | BD6: 83225.261 | BE6: 749027.35
A7: 4 | B7: XVR DE 32 CANALES | C7: XVR DE 32 CANALES PentahÍbrido 5 en 1, Soporta HDCVI/HDTVI/AHD/CVBS/IP, H.265/H.264 | D7: =SUM(E7:AT7) -> 13 | E7: 7 | F7: 2 | H7: 1 | P7: 1 | Q7: 1 | AO7: 1 | AU7: =+AVERAGE(AX7+BA7+BD7)/3 -> 74182.255 | AV7: =+AU7*D7 -> 964369.32 | AX7: 76115.343 | AY7: 989499.46 | BA7: 73940.619 | BB7: 961228.05 | BD7: 72490.803 | BE7: 942380.44
A8: 5 | B8: XVR DE 16 CANALES | C8: XVR DE 16 CANALES PentahÍbrido 5 en 1, Soporta HDCVI/HDTVI/AHD/CVBS/IP, H.265/H.265 | D8: =SUM(E8:AT8) -> 6 | I8: 1 | J8: 1 | N8: 1 | O8: 1 | AM8: 1 | AQ8: 1 | AU8: =+AVERAGE(AX8+BA8+BD8)/3 -> 109673.98 | AV8: =+AU8*D8 -> 658043.87 | AX8: 113473.71 | AY8: 680842.24 | BA8: 111919.27 | BB8: 671515.63 | BD8: 103628.96 | BE8: 621773.73
A9: 6 | B9: XVR DE 8 CANALES | C9: XVR DE 8 CANALES PentahÍbrido 5 en 1, Soporta HDCVI/HDTVI/AHD/CVBS/IP, H.265/H.264 | D9: =SUM(E9:AT9) -> 6 | E9: 1 | G9: 1 | U9: 1 | AI9: 1 | AL9: 1 | AN9: 1 | AU9: =+AVERAGE(AX9+BA9+BD9)/3 -> 94089.417 | AV9: =+AU9*D9 -> 564536.5 | AX9: 96443.201 | AY9: 578659.21 | BA9: 97336.931 | BB9: 584021.59 | BD9: 88488.119 | BE9: 530928.71
A10: 7 | B10: XVR DE 4 CANALES | C10: XVR DE 4 CANALES PentahÍbrido 5 en 1, Soporta HDCVI/HDTVI/AHD/CVBS/IP, H.265/H.265 | D10: =SUM(E10:AT10) -> 22 | H10: 1 | K10: 1 | L10: 1 | M10: 1 | R10: 1 | S10: 1 | W10: 1 | X10: 1 | Z10: 1 | AA10: 1 | AB10: 1 | AC10: 1 | AD10: 1 | AE10: 1 | AG10: 1 | AH10: 1 | AJ10: 1 | AK10: 1 | AP10: 1 | AR10: 1 | AS10: 1 | AT10: 1 | AU10: =+AVERAGE(AX10+BA10+BD10)/3 -> 94837.126 | AV10: =+AU10*D10 -> 2086416.8 | AX10: 97871.914 | AY10: 2055310.2 | BA10: 95595.823 | BB10: 2007512.3 | BD10: 91043.641 | BE10: 1911916.5
A11: 8 | B11: GABINETE RACK PARA 8 XVR | C11: GABINETE RACK 11Ru F51 *MEDIDAS -56cm ALTURA -52cm ANCHO -51cm FONDO | D11: =SUM(E11:AT11) -> 2 | E11: 2 | AU11: =+AVERAGE(AX11+BA11+BD11)/3 -> 47731.999 | AV11: =+AU11*D11 -> 95463.999 | AX11: 48596.133 | AY11: 97192.266 | BA11: 49119.161 | BB11: 98238.322 | BD11: 45480.704 | BE11: 90961.409
A12: 9 | B12: TELEVISOR 55" | C12: TELEVISOR 55" P1 resolución 4K UHD | D12: =SUM(E12:AT12) -> 10 | E12: 5 | H12: 1 | P12: 1 | Q12: 1 | AM12: 1 | AO12: 1 | AU12: =+AVERAGE(AX12+BA12+BD12)/3 -> 96373.887 | AV12: =+AU12*D12 -> 963738.87 | AX12: 99802.365 | AY12: 998023.65 | BA12: 97860.699 | BB12: 978606.99 | BD12: 91458.597 | BE12: 914585.97
A13: 10 | B13: TELEVISOR 42" | C13: TELEVISOR 42" P1 resolución 4K UHD | D13: =SUM(E13:AT13) -> 15 | E13: 2 | F13: 2 | U13: 1 | W13: 1 | X13: 1 | Z13: 1 | AA13: 1 | AB13: 1 | AC13: 1 | AD13: 1 | AE13: 1 | AG13: 1 | AH13: 1 | AU13: =+AVERAGE(AX13+BA13+BD13)/3 -> 90418.093 | AV13: =+AU13*D13 -> 1356271.4 | AX13: 91575.83 | AY13: 1373637.4 | BA13: 93707.9 | BB13: 1405618.5 | BD13: 85970.55 | BE13: 1289558.3
A14: 11 | B14: TELEVISOR 32" | C14: TELEVISOR 32" P1 resolución 4K UHD | D14: =SUM(E14:AT14) -> 10 | G14: 1 | H14: 1 | I14: 1 | J14: 1 | N14: 1 | O14: 1 | AI14: 1 | AL14: 1 | AN14: 1 | AQ14: 1 | AU14: =+AVERAGE(AX14+BA14+BD14)/3 -> 42523.791 | AV14: =+AU14*D14 -> 425237.91 | AX14: 42620.956 | AY14: 426209.56 | BA14: 43308.055 | BB14: 433080.55 | BD14: 41642.361 | BE14: 416423.61
A15: 12 | B15: TELEVISOR 22" | C15: TELEVISOR 22" 4K UHD | D15: =SUM(E15:AT15) -> 13 | E15: 1 | K15: 1 | L15: 1 | M15: 1 | P15: 1 | R15: 1 | S15: 1 | AJ15: 1 | AK15: 1 | AP15: 1 | AR15: 1 | AS15: 1 | AT15: 1 | AU15: =+AVERAGE(AX15+BA15+BD15)/3 -> 33360.026 | AV15: =+AU15*D15 -> 433680.34 | AX15: 33155.444 | AY15: 397865.32 | BA15: 34278.472 | BB15: 411341.66 | BD15: 32646.164 | BE15: 391753.96
A16: 13 | B16: ESPEJO DE VIGILANCIA VEHICULAR | C16: DE ESPEJO DE 30 Cms CON LITERNA RECARGABLE Espaldar en polipropileno, Brazo en tubo coll roll de 1" cal. 18. | D16: =SUM(E16:AT16) -> 4 | E16: 1 | F16: 1 | P16: 1 | AO16: 1 | AU16: =+AVERAGE(AX16+BA16+BD16)/3 -> 72642.405 | AV16: =+AU16*D16 -> 290569.62 | AX16: 73808.415 | AY16: 295233.66 | BA16: 74158.218 | BB16: 296632.87 | BD16: 69960.583 | BE16: 279842.33
A17: 14 | B17: COMPUTADORES PARA REGISTROS DE INGRESOS | C17: Pantalla de 21,5 Core I5 10110u 8gb ram disco solido 500 gigas Windows 10 y oficce instalado. | D17: =SUM(E17:AT17) -> 16 | E17: 6 | F17: 1 | G17: 1 | H17: 3 | P17: 1 | Q17: 1 | AM17: 1 | AO17: 2 | AU17: =+AVERAGE(AX17+BA17+BD17)/3 -> 121891.15 | AV17: =+AU17*D17 -> 1950258.4 | AX17: 123666.26 | AY17: 1978660.2 | BA17: 123666.26 | BB17: 1978660.2 | BD17: 118340.92 | BE17: 1893454.7
A18: 15 | B18: CAMARAS (PARA COMPUTADORAS) | C18: Cámaras 1080. Camara Web Genius Qcam 6000 Full Hd 1080p Negra | D18: =SUM(E18:AT18) -> 13 | E18: 4 | F18: 1 | G18: 1 | H18: 2 | P18: 1 | Q18: 1 | AM18: 1 | AO18: 2 | AU18: =+AVERAGE(AX18+BA18+BD18)/3 -> 9032.1263 | AV18: =+AU18*D18 -> 117417.64 | AX18: 9362.067 | AY18: 121706.87 | BA18: 9485.7948 | BB18: 123315.33 | BD18: 8248.5172 | BE18: 107230.72
A19: 16 | B19: CAMARAS INALAMBRICAS (PARA COMPUTADORAS) | C19: [szxmkjacMY] Cámara De Seguridad WiFi De Dos Vías Hablar 1080P HD Loop Grabación Para Interior Al Aire Libre NoBrand. Tipo: cámara IP Resolución: 1080P Tarjeta TF: admite hasta 64 gb Frecuencia principal: 180MHz Corriente de carga: 420mA Consumo de energía: 1.5W (infrarrojo); 1.0W (infrarrojo) Capacidad de la batería: 500mAh color negro Tamaño: 3.9cmx3.3cmx3.3cm/1.54inchx1.30inchx1 cuadrada. | D19: =SUM(E19:AT19) -> 3 | E19: 2 | H19: 1 | AU19: =+AVERAGE(AX19+BA19+BD19)/3 -> 38596.988 | AV19: =+AU19*D19 -> 115790.96 | AX19: 39641.463 | AY19: 118924.39 | BA19: 39714.333 | BB19: 119143 | BD19: 36435.168 | BE19: 109305.5
A20: 17 | B20: LECTOR CODIGO DE BARRAS Y QR CEDULA PARA ALTO RENDIMIENTO | C20: Lector de código de barras con soporte Zebra DS2200 Series DS2278 USB/RS-232/PS-2/RS-485 2D 4.5V - 5.5V twilight black alámbrico. | D20: =SUM(E20:AT20) -> 11 | E20: 2 | F20: 1 | G20: 1 | H20: 2 | P20: 1 | Q20: 1 | AM20: 1 | AO20: 2 | AU20: =+AVERAGE(AX20+BA20+BD20)/3 -> 42527.799 | AV20: =+AU20*D20 -> 467805.78 | AX20: 43813.378 | AY20: 481947.16 | BA20: 42299.712 | BB20: 465296.83 | BD20: 41470.306 | BE20: 456173.36
A21: 18 | B21: LECTOR CODIGO DE BARRAS Y QR CEDULA INALAMBRICO DE ALTO RENDIMIENTO | C21: Lector de código de barras con soporte Zebra DS2200 Series DS2278 USB/RS-232/PS-2/RS-485 2D 4.5V - 5.5V twilight black in alámbrico | D21: =SUM(E21:AT21) -> 3 | E21: 2 | H21: 1 | AU21: =+AVERAGE(AX21+BA21+BD21)/3 -> 39873.642 | AV21: =+AU21*D21 -> 119620.93 | AX21: 41728.23 | AY21: 125184.69 | BA21: 39521.91 | BB21: 118565.73 | BD21: 38370.786 | BE21: 115112.36
A22: 19 | B22: ESTACIONES CON LECTOR PARA CODIGOS DE BARRA Y QR INCLUYE BASE SOPORTE https://www.supremainc.com/en/hardware/versatile-intelligent-terminal-xstation2.asp | C22: Lector de código de barras automatico para lectura de barras 1D, QR, 2D. Que se ajuste a las sofware de ingreso | D22: =SUM(E22:AT22) -> 1 | E22: 1 | AU22: =+AVERAGE(AX22+BA22+BD22)/3 -> 71145.306 | AV22: =+AU22*D22 -> 71145.306 | AX22: 74104.951 | AY22: 74104.951 | BA22: 71031.473 | BB22: 71031.473 | BD22: 68299.494 | BE22: 68299.494
A23: 20 | B23: SOFTWARE GLOBAL PARA TODOS LOS COMPUTADORES Y TABLET | C23: CARACTERISTICAS DEL SOFWARE EN COMENTARIOS: | D23: =SUM(E23:AT23) -> 1 | E23: 1 | AU23: =+AVERAGE(AX23+BA23+BD23)/3 -> 6003630.1 | AV23: =+AU23*D23 -> 6003630.1 | AX23: 6056470.8 | AY23: 6056470.8 | BA23: 6021705.1 | BB23: 6021705.1 | BD23: 5932714.4 | BE23: 5932714.4
A24: 21 | B24: ESCANER RAYOS X | C24: Especificaciones Técnicas • Sensitividad 40 AWG Típico, 38 AWG Garantizado • Resolución Espacial 1.0 mm Horizontal, 1.00 mm Vertical • Penetración1 37 mm en Acero Típico, 35 mm Garantizado • Sensitividad al Contraste 24 Niveles Visibles, 4096 en la Escala de Grises | D24: =SUM(E24:AT24) -> 3 | E24: 2 | H24: 1 | AU24: =+AVERAGE(AX24+BA24+BD24)/3 -> 3695624 | AV24: =+AU24*D24 -> 11086872 | AX24: 3759466.8 | AY24: 11278400 | BA24: 3699977 | BB24: 11099931 | BD24: 3627428.4 | BE24: 10882285
A25: 22 | B25: ARCOS DETECTOR DE METALES | C25: Fuente de alimentación AC100 V~240V Temperatura de trabajo -20°C ~+50°C Frecuencia de trabajo 4KHz~8KHz Tamaño externo estándar 2220mm(H)X835mm(W)X578mm(D) Tamaño interno estándar 1990mm(H)X700mm(W)X578mm(D) Dimensiones del paquete 2310mm(H)X350mm(W)X665mm(D) Peso bruto 65kg | D25: =SUM(E25:AT25) -> 2 | E25: 1 | H25: 1 | AU25: =+AVERAGE(AX25+BA25+BD25)/3 -> 1085609 | AV25: =+AU25*D25 -> 2171218 | AX25: 1103130 | AY25: 2206260 | BA25: 1087510.4 | BB25: 2175020.7 | BD25: 1066186.6 | BE25: 2132373.3
A26: 23 | B26: GARRET DETECTOR METAL | C26: DETECTOR AUDIBLE FRECUENCIA AUDIBLE DE 2 kHz | D26: =SUM(E26:AT26) -> 34 | E26: 3 | F26: 1 | G26: 1 | H26: 1 | J26: 1 | K26: 1 | L26: 1 | M26: 1 | N26: 1 | O26: 1 | P26: 1 | Q26: 1 | U26: 1 | V26: 1 | W26: 1 | X26: 1 | Y26: 1 | Z26: 1 | AA26: 1 | AB26: 1 | AC26: 1 | AD26: 1 | AE26: 1 | AF26: 1 | AG26: 1 | AH26: 1 | AI26: 1 | AJ26: 1 | AK26: 1 | AM26: 1 | AO26: 1 | AR26: 1 | AU26: =+AVERAGE(AX26+BA26+BD26)/3 -> 94023.021 | AV26: =+AU26*D26 -> 3196782.7 | AX26: 95948.407 | AY26: 3262245.8 | BA26: 94435.603 | BB26: 3210810.5 | BD26: 91685.052 | BE26: 3117291.8
A27: 24 | B27: CAJAS FUERTE GRANDE | C27: SISTEMA MECANICO GRANDE PESO 90KG DIMENSIONES 70X45X45 | D27: =SUM(E27:AT27) -> 3 | E27: 2 | H27: 1 | AU27: =+AVERAGE(AX27+BA27+BD27)/3 -> 69505.045 | AV27: =+AU27*D27 -> 208515.13 | AX27: 71623.477 | AY27: 214870.43 | BA27: 69123.51 | BB27: 207370.53 | BD27: 67768.147 | BE27: 203304.44
A28: 25 | B28: CAJA FUERTE PEQUEÑA | C28: SISTEMA MECANICO O DIGITAL PEQUEÑA PESO APROX 8 KG DIMENSIONES 43X18X30 | D28: =SUM(E28:AT28) -> 11 | E28: 1 | F28: 1 | G28: 1 | H28: 1 | N28: 1 | P28: 1 | Q28: 1 | AI28: 1 | AL28: 1 | AM28: 1 | AO28: 1 | AU28: =+AVERAGE(AX28+BA28+BD28)/3 -> 55606.35 | AV28: =+AU28*D28 -> 611669.85 | AX28: 56853.096 | AY28: 625384.06 | BA28: 56324.026 | BB28: 619564.28 | BD28: 53641.929 | BE28: 590061.22
A29: 26 | B29: CILINDRO DESCARGE ARMAS | C29: SEGÚN MEDIDAS ESTABLECIDAS DE SEGURIDAD | D29: =SUM(E29:AT29) -> 16 | E29: 5 | F29: 1 | G29: 1 | H29: 2 | O29: 1 | P29: 1 | Q29: 1 | AI29: 1 | AL29: 1 | AM29: 1 | AO29: 1 | AU29: =+AVERAGE(AX29+BA29+BD29)/3 -> 103655.06 | AV29: =+AU29*D29 -> 1658481 | AX29: 106230.97 | AY29: 1699695.5 | BA29: 104374.31 | BB29: 1669988.9 | BD29: 100359.91 | BE29: 1605758.6
A30: 27 | B30: SISTEMA ELECTRONICO DE ALARMA CON INFRAROJO PARA EL CONTROL DE ACCESO SISTEMA AUDITIVO Y SEÑAL A UNA CENTRAL DE ALARMAS | C30: DSC LC100 O 104 DEPEDIENDO LA NECESIDAD DE LA EDIFICACION. | D30: =SUM(E30:AT30) -> 13 | I30: 1 | J30: 1 | K30: 1 | L30: 1 | M30: 1 | R30: 1 | S30: 1 | U30: 1 | AA30: 1 | AJ30: 1 | AK30: 1 | AN30: 1 | AQ30: 1 | AU30: =+AVERAGE(AX30+BA30+BD30)/3 -> 174603.01 | AV30: =+AU30*D30 -> 2269839.2 | AX30: 180141.73 | AY30: 2341842.5 | BA30: 176838.52 | BB30: 2298900.7 | BD30: 166828.79 | BE30: 2168774.3
A31: 28 | B31: SISTEMA DE ALERTA DE HUMO | C31: CON NUMERO DE SENSORES DE HUMO DEPENDIENDO DE LA NECESIDAD DE LA EDIFICACION | D31: =SUM(E31:AT31) -> 2 | E31: 1 | I31: 1 | AU31: =+AVERAGE(AX31+BA31+BD31)/3 -> 182350.13 | AV31: =+AU31*D31 -> 364700.25 | AX31: 191674.35 | AY31: 383348.7 | BA31: 179447.3 | BB31: 358894.6 | BD31: 175928.73 | BE31: 351857.45
A32: 29 | B32: RADIO BASE | C32: GLOBAL | D32: =SUM(E32:AT32) -> 1 | E32: 1 | AU32: =+AVERAGE(AX32+BA32+BD32)/3 -> 419189.64 | AV32: =+AU32*D32 -> 419189.64 | AX32: 439151.06 | AY32: 439151.06 | BA32: 419189.64 | BB32: 419189.64 | BD32: 399228.23 | BE32: 399228.23
A33: 30 | B33: SISTEMA DE COMUNICACIÓN MOVIL INALAMABRICA CON PLAN MENSUAL | C33: Memoria Interna 512 GB, Memoria RAM 8 GB, procesador de 8 nucleos CON PLAN MENSUAL | D33: =SUM(E33:AT33) -> 2 | E33: 2 | AU33: =+AVERAGE(AX33+BA33+BD33)/3 -> 145435.21 | AV33: =+AU33*D33 -> 290870.42 | AX33: 148413.41 | AY33: 296826.81 | BA33: 146073.4 | BB33: 292146.79 | BD33: 141818.83 | BE33: 283637.66
A34: 31 | B34: RADIOS DE COMUNICACIÓN | C34: DIGITAL | D34: =SUM(E34:AT34) -> 1 | E34: 1 | AU34: =+AVERAGE(AX34+BA34+BD34)/3 -> 148835.84 | AV34: =+AU34*D34 -> 148835.84 | AX34: 162616.94 | AY34: 162616.94 | BA34: 146079.62 | BB34: 146079.62 | BD34: 137810.96 | BE34: 137810.96
AU35: Subtotal | AV35: =SUM(AV4:AV34) -> 54288329 | AX35: Subtotal | AY35: =SUM(AY4:AY34) -> 55116774 | BA35: Subtotal | BB35: =SUM(BB4:BB34) -> 54522868 | BD35: Subtotal | BE35: =SUM(BE4:BE34) -> 52439436
B36: NOTA: LOS MEDIOS TECNOLOGICOS DEBEN INCLUIR LOS SIGUIENTES ACCESORIOS EN CASO DE SER NECESARIO PARA LAS DIFERENTES INSTALACIONES, COMO PARA SU OPERACIÓN: | AU36: AIU 10% | AV36: =AV35*10% -> 5428832.9 | AX36: AIU 10% | AY36: =AY35*10% -> 5511677.4 | BA36: AIU 10% | BB36: =BB35*10% -> 5452286.8 | BD36: AIU 10% | BE36: =BE35*10% -> 5243943.6
B37: MEDIOS MAGNETICOS - DISCOS DURO 4 A 6 TB PURPLE, LOS QUE SE REQUIERAN SEGÚN SU USO. | AU37: IVA | AV37: =+AV36*19% -> 1031478.3 | AX37: IVA | AY37: =+AY36*19% -> 1047218.7 | BA37: IVA | BB37: =+BB36*19% -> 1035934.5 | BD37: IVA | BE37: =+BE36*19% -> 996349.28
B38: UPS DE 2 KVA | AU38: TOTAL | AV38: =+AV35+AV37 -> 55319807 | AX38: TOTAL | AY38: =+AY35+AY37 -> 56163992 | BA38: TOTAL | BB38: =+BB35+BB37 -> 55558803 | BD38: TOTAL | BE38: =+BE35+BE37 -> 53435785
B39: SUPRESORES DE PICO DE VOLTAJE
B40: CABLES HDMI DIFERENTES MEDIDAS
B41: BASES O SOPORTES PARA LOS MEDIOS VISUALES
B42: CAJAS DE PASO O DE DISTRIBUCION PARA LAS CAMARAS
B43: VIDEO TRANSCEPTORES PARA LAS CAMARAS SOLICITADAS
B44: FUENTES DE VOLTAJES PARA CAMARAS SOLICITADAS
B45: SWITCH DE RED DE 2,4 O 6 PUERTOS
B49: NOMBRE O RAZON SOCIAL DE QUIEN COTIZA
B50: DATOS DE CONTACTO

Sheet CALCULOS
A1: CALCULOS CONTRATO DE VIGILANCIA NORTE DE SANTANDER Y ARAUCA A PARTIR DEL 19 DE MARZO DEL 2026 RESOLUCION SUPERVIGILANCIA Nº 20251300000115CS DEL 30/12/2025
A4: ESPECIFICAR EL VALOR DE LA POLIZA DEL SEGURO COLECTIVO POR PERSONA EN ESTE ESPACIO | D4: =+'ESTUDIOS POLIZAS'!B14 -> 3130.5556
A5: VALOR DE LOS MEDIOS TECNOLOGICOS ANTES DEL IVA, EN ESTA CASILLA | D5: =+'ESTUDIOS MEDIOS TECN'!AV35 -> 54288329
A7: A partir del 25 de diciembre del año 2025. | D7: 9.77
A8: A partir del 01 de julio del año 2026. | D8: 9.85
A9: A partir del 15 de julio del año 2026. | D9: 10.21
I10: 1-VALOR DEL 24 AL 31 DIAS OCTUBRE 2026 CON TARIFA (10,21) (07 DIAS) | Q10: 2- VALOR DE NOVIEMBRE 2026 CON TARIFA (10,21) (30 DIAS) | X10: 3- VALOR DE DIEZ DIAS DE DICIEMBRE 2026 CON TARIFA (10,21) (10 DIAS) | AE10: VALOR TOTAL
M11: 0.1 | U11: 0.1 | AG11: valor por unidades
A12: TIPO DE SERVICIO | B12: UBICACIÓN | C12: SEDE JUDICIAL DIRECCION | D12: CIUDAD | E12: No. SERVICIOS | F12: % UND 02 | G12: % UND 08 | H12: % UND 09 | I12: VALOR | J12: VALOR SEGURO DE VIDA COLECTIVO | K12: PORCENTAJE DE GASTOS DE ADMINISTRACIÓ N Y SUPERVISIÓN | L12: V/R SERVICIO - CIRCULAR EXTERNA No 20241300000445 Y SEGURO DE VIDA - INCUIDO AYS | M12: AIU 10% | N12: IVA 19% | O12: VALOR TOTAL MENSUAL | Q12: VALOR | R12: VALOR SEGURO DE VIDA COLECTIVO | S12: PORCENTAJE DE GASTOS DE ADMINISTRACIÓ N Y SUPERVISIÓN | T12: V/R SERVICIO - CIRCULAR EXTERNA No 20241300000445 Y SEGURO DE VIDA - INCUIDO AYS | U12: AIU 10% | V12: IVA 19% | W12: VALOR TOTAL MENSUAL | X12: VALOR | Y12: VALOR SEGURO DE VIDA COLECTIVO | Z12: PORCENTAJE DE GASTOS DE ADMINISTRACIÓ N Y SUPERVISIÓN | AA12: V/R SERVICIO - CIRCULAR EXTERNA No 20241300000445 Y SEGURO DE VIDA - INCUIDO AYS | AB12: AIU 10% | AC12: IVA 19% | AD12: VALOR TOTAL MENSUAL | AE12: VALOR TOTAL DEL 24 DE OCTUBRE AL 10 DE DICIEMBRE DEL 2026 | AG12: U2 | AH12: U8 | AI12: U9
A13: Servicio de vigilancia física con medio humano, con arma, sin canino, con jornada laboral mes/24 horas de domingo a domingo. | B13: (Interno) Entrada Principal de Funcionarios Palacio deJusticia | C13: PALACIO DE JUSTICIA FRANCISCO PAULA SANTANDER AV GRAN COLOMBIA ENTRE AV 3E Y 4E | D13: Cucuta | E13: 1 | G13: 1 | I13: =(((((1750905*$D$9+J13)*47.59%)/13*13)/30*7)+((((1750905*$D$9+J13)*52.41%)/11*11)/30*7)) -> 4173430.7 | J13: =+$D$4*3 -> 9391.6667 | K13: =SUM(I13)*10% -> 417343.07 | L13: =+I13+K13 -> 4590773.8 | M13: =ROUND(L13*$M$11,0) -> 459077 | N13: =ROUND(M13*19%,0) -> 87225 | O13: =+(L13+N13)*E13 -> 4677998.8 | Q13: =(((((1750905*$D$9+R13)*47.59%)/13*13)/30*30)+((((1750905*$D$9+R13)*52.41%)/11*11)/30*30)) -> 17886132 | R13: =+$D$4*3 -> 9391.6667 | S13: =SUM(Q13)*10% -> 1788613.2 | T13: =+Q13+S13 -> 19674745 | U13: =ROUND(T13*$U$11,0) -> 1967474 | V13: =ROUND(U13*19%,0) -> 373820 | W13: =+(T13+V13)*E13 -> 20048565 | X13: =(((((1750905*$D$9+Y13)*47.59%)/13*13)/30*10)+((((1750905*$D$9+Y13)*52.41%)/11*11)/30*10)) -> 5962043.9 | Y13: =+$D$4*3 -> 9391.6667 | Z13: =SUM(X13)*10% -> 596204.39 | AA13: =+X13+Z13 -> 6558248.3 | AB13: =ROUND(AA13*$U$11,0) -> 655825 | AC13: =ROUND(AB13*19%,0) -> 124607 | AD13: =+(AA13+AC13)*E13 -> 6682855.3 | AE13: =+O13+W13+AD13 -> 31409419 | AG13: =+AE13*F13 -> 0 | AH13: =+AE13*G13 -> 31409419 | AI13: =+AE13*H13 -> 0
A14: Servicio de vigilancia física con medio humano, con arma, sin canino, con jornada laboral mes/12 horas de lunes a sábado, sin festivos | B14: Ingreso parqueadero | C14: PALACIO DE JUSTICIA FRANCISCO PAULA SANTANDER AV GRAN COLOMBIA ENTRE AV 3E Y 4E | D14: Cucuta | E14: 1 | G14: 1 | I14: =(((((1750905*$D$9+J14)*47.59%)/13*12)/30*5)+((((1750905*$D$9+J14)*52.41%)/11*0)/30*0)) -> 1309540 | J14: =+$D$4*3 -> 9391.6667 | K14: =SUM(I14)*10% -> 130954 | L14: =+I14+K14 -> 1440494 | M14: =ROUND(L14*$M$11,0) -> 144049 | N14: =ROUND(M14*19%,0) -> 27369 | O14: =+(L14+N14)*E14 -> 1467863 | Q14: =(((((1750905*$D$9+R14)*47.59%)/13*12)/30*24)+((((1750905*$D$9+R14)*52.41%)/11*0)/30*0)) -> 6285792.1 | R14: =+$D$4*3 -> 9391.6667 | S14: =SUM(Q14)*10% -> 628579.21 | T14: =+Q14+S14 -> 6914371.3 | U14: =ROUND(T14*$U$11,0) -> 691437 | V14: =ROUND(U14*19%,0) -> 131373 | W14: =+(T14+V14)*E14 -> 7045744.3 | X14: =(((((1750905*$D$9+Y14)*47.59%)/13*12)/30*8)+((((1750905*$D$9+Y14)*52.41%)/11*0)/30*0)) -> 2095264 | Y14: =+$D$4*3 -> 9391.6667 | Z14: =SUM(X14)*10% -> 209526.4 | AA14: =+X14+Z14 -> 2304790.4 | AB14: =ROUND(AA14*$U$11,0) -> 230479 | AC14: =ROUND(AB14*19%,0) -> 43791 | AD14: =+(AA14+AC14)*E14 -> 2348581.4 | AE14: =+O14+W14+AD14 -> 10862189 | AG14: =+AE14*F14 -> 0 | AH14: =+AE14*G14 -> 10862189 | AI14: =+AE14*H14 -> 0
A15: Servicio de vigilancia física con medio humano, con arma, sin canino, con jornada laboral mes/24 horas de domingo a domingo. | B15: (Exterior) AV 2E con Cll 9 Esquina frente al Bunquer | C15: PALACIO DE JUSTICIA FRANCISCO PAULA SANTANDER AV GRAN COLOMBIA ENTRE AV 3E Y 4E | D15: Cucuta | E15: 1 | G15: 1 | I15: =(((((1750905*$D$9+J15)*47.59%)/13*13)/30*7)+((((1750905*$D$9+J15)*52.41%)/11*11)/30*7)) -> 4173430.7 | J15: =+$D$4*3 -> 9391.6667 | K15: =SUM(I15)*10% -> 417343.07 | L15: =+I15+K15 -> 4590773.8 | M15: =ROUND(L15*$M$11,0) -> 459077 | N15: =ROUND(M15*19%,0) -> 87225 | O15: =+(L15+N15)*E15 -> 4677998.8 | Q15: =(((((1750905*$D$9+R15)*47.59%)/13*13)/30*30)+((((1750905*$D$9+R15)*52.41%)/11*11)/30*30)) -> 17886132 | R15: =+$D$4*3 -> 9391.6667 | S15: =SUM(Q15)*10% -> 1788613.2 | T15: =+Q15+S15 -> 19674745 | U15: =ROUND(T15*$U$11,0) -> 1967474 | V15: =ROUND(U15*19%,0) -> 373820 | W15: =+(T15+V15)*E15 -> 20048565 | X15: =(((((1750905*$D$9+Y15)*47.59%)/13*13)/30*10)+((((1750905*$D$9+Y15)*52.41%)/11*11)/30*10)) -> 5962043.9 | Y15: =+$D$4*3 -> 9391.6667 | Z15: =SUM(X15)*10% -> 596204.39 | AA15: =+X15+Z15 -> 6558248.3 | AB15: =ROUND(AA15*$U$11,0) -> 655825 | AC15: =ROUND(AB15*19%,0) -> 124607 | AD15: =+(AA15+AC15)*E15 -> 6682855.3 | AE15: =+O15+W15+AD15 -> 31409419 | AG15: =+AE15*F15 -> 0 | AH15: =+AE15*G15 -> 31409419 | AI15: =+AE15*H15 -> 0
A16: Servicio de vigilancia física con medio humano, con arma, sin canino, con jornada laboral mes/24 horas de domingo a domingo. | B16: (Interno) Entrada de Visitantes y Abogados Palacio de Justicia | C16: PALACIO DE JUSTICIA FRANCISCO PAULA SANTANDER AV GRAN COLOMBIA ENTRE AV 3E Y 4E | D16: Cucuta | E16: 1 | G16: 1 | I16: =(((((1750905*$D$9+J16)*47.59%)/13*13)/30*7)+((((1750905*$D$9+J16)*52.41%)/11*11)/30*7)) -> 4173430.7 | J16: =+$D$4*3 -> 9391.6667 | K16: =SUM(I16)*10% -> 417343.07 | L16: =+I16+K16 -> 4590773.8 | M16: =ROUND(L16*$M$11,0) -> 459077 | N16: =ROUND(M16*19%,0) -> 87225 | O16: =+(L16+N16)*E16 -> 4677998.8 | Q16: =(((((1750905*$D$9+R16)*47.59%)/13*13)/30*30)+((((1750905*$D$9+R16)*52.41%)/11*11)/30*30)) -> 17886132 | R16: =+$D$4*3 -> 9391.6667 | S16: =SUM(Q16)*10% -> 1788613.2 | T16: =+Q16+S16 -> 19674745 | U16: =ROUND(T16*$U$11,0) -> 1967474 | V16: =ROUND(U16*19%,0) -> 373820 | W16: =+(T16+V16)*E16 -> 20048565 | X16: =(((((1750905*$D$9+Y16)*47.59%)/13*13)/30*10)+((((1750905*$D$9+Y16)*52.41%)/11*11)/30*10)) -> 5962043.9 | Y16: =+$D$4*3 -> 9391.6667 | Z16: =SUM(X16)*10% -> 596204.39 | AA16: =+X16+Z16 -> 6558248.3 | AB16: =ROUND(AA16*$U$11,0) -> 655825 | AC16: =ROUND(AB16*19%,0) -> 124607 | AD16: =+(AA16+AC16)*E16 -> 6682855.3 | AE16: =+O16+W16+AD16 -> 31409419 | AG16: =+AE16*F16 -> 0 | AH16: =+AE16*G16 -> 31409419 | AI16: =+AE16*H16 -> 0
A17: Servicio de vigilancia física con medio humano, con arma, sin canino, con jornada laboral mes/24 horas de domingo a domingo. | B17: (Exterior) Esquina de Virgilo Barco (subida rampa). | C17: PALACIO DE JUSTICIA FRANCISCO PAULA SANTANDER AV GRAN COLOMBIA ENTRE AV 3E Y 4E | D17: Cucuta | E17: 1 | G17: 1 | I17: =(((((1750905*$D$9+J17)*47.59%)/13*13)/30*7)+((((1750905*$D$9+J17)*52.41%)/11*11)/30*7)) -> 4173430.7 | J17: =+$D$4*3 -> 9391.6667 | K17: =SUM(I17)*10% -> 417343.07 | L17: =+I17+K17 -> 4590773.8 | M17: =ROUND(L17*$M$11,0) -> 459077 | N17: =ROUND(M17*19%,0) -> 87225 | O17: =+(L17+N17)*E17 -> 4677998.8 | Q17: =(((((1750905*$D$9+R17)*47.59%)/13*13)/30*30)+((((1750905*$D$9+R17)*52.41%)/11*11)/30*30)) -> 17886132 | R17: =+$D$4*3 -> 9391.6667 | S17: =SUM(Q17)*10% -> 1788613.2 | T17: =+Q17+S17 -> 19674745 | U17: =ROUND(T17*$U$11,0) -> 1967474 | V17: =ROUND(U17*19%,0) -> 373820 | W17: =+(T17+V17)*E17 -> 20048565 | X17: =(((((1750905*$D$9+Y17)*47.59%)/13*13)/30*10)+((((1750905*$D$9+Y17)*52.41%)/11*11)/30*10)) -> 5962043.9 | Y17: =+$D$4*3 -> 9391.6667 | Z17: =SUM(X17)*10% -> 596204.39 | AA17: =+X17+Z17 -> 6558248.3 | AB17: =ROUND(AA17*$U$11,0) -> 655825 | AC17: =ROUND(AB17*19%,0) -> 124607 | AD17: =+(AA17+AC17)*E17 -> 6682855.3 | AE17: =+O17+W17+AD17 -> 31409419 | AG17: =+AE17*F17 -> 0 | AH17: =+AE17*G17 -> 31409419 | AI17: =+AE17*H17 -> 0
A18: (Operador de medios tecnológicos) Servicio de vigilancia física con medio humano, sin arma, sin canino, con jornada laboral mes/24 horas de domingo a domingo. | B18: (interno). MONITOREO CCTV Cuarto de monitoreo CCTV del Palacio de Justicia de Cúcuta - Avenida Gran Colombia entre Avd. 3E y 4E, Cúcuta. | C18: PALACIO DE JUSTICIA FRANCISCO PAULA SANTANDER AV GRAN COLOMBIA ENTRE AV 3E Y 4E | D18: Cucuta | E18: 1 | F18: 0.32 | G18: 0.64 | H18: 0.04 | I18: =(((((1750905*$D$9+J18)*47.59%)/13*13)/30*7)+((((1750905*$D$9+J18)*52.41%)/11*11)/30*7)) -> 4173430.7 | J18: =+$D$4*3 -> 9391.6667 | K18: =SUM(I18)*8% -> 333874.46 | L18: =+I18+K18 -> 4507305.2 | M18: =ROUND(L18*$M$11,0) -> 450731 | N18: =ROUND(M18*19%,0) -> 85639 | O18: =+(L18+N18)*E18 -> 4592944.2 | Q18: =(((((1750905*$D$9+R18)*47.59%)/13*13)/30*30)+((((1750905*$D$9+R18)*52.41%)/11*11)/30*30)) -> 17886132 | R18: =+$D$4*3 -> 9391.6667 | S18: =SUM(Q18)*8% -> 1430890.5 | T18: =+Q18+S18 -> 19317022 | U18: =ROUND(T18*$U$11,0) -> 1931702 | V18: =ROUND(U18*19%,0) -> 367023 | W18: =+(T18+V18)*E18 -> 19684045 | X18: =(((((1750905*$D$9+Y18)*47.59%)/13*13)/30*10)+((((1750905*$D$9+Y18)*52.41%)/11*11)/30*10)) -> 5962043.9 | Y18: =+$D$4*3 -> 9391.6667 | Z18: =SUM(X18)*8% -> 476963.51 | AA18: =+X18+Z18 -> 6439007.4 | AB18: =ROUND(AA18*$U$11,0) -> 643901 | AC18: =ROUND(AB18*19%,0) -> 122341 | AD18: =+(AA18+AC18)*E18 -> 6561348.4 | AE18: =+O18+W18+AD18 -> 30838338 | AG18: =+AE18*F18 -> 9868268.1 | AH18: =+AE18*G18 -> 19736536 | AI18: =+AE18*H18 -> 1233533.5
A19: Servicio de vigilancia física con medio humano, sin arma, sin canino, con jornada laboral mes/10 horas diurnas de lunes a viernes sin festivos | B19: (interno). FICHERO 1 CUBICULO Control de fichero puerta principal I Etapa del Palacio de Justicia de Cúcuta - Avenida Gran Colombia entre Avd. 3E y 4E de Cúcuta. | C19: PALACIO DE JUSTICIA FRANCISCO PAULA SANTANDER AV GRAN COLOMBIA ENTRE AV 3E Y 4E | D19: Cucuta | E19: 1 | G19: 1 | I19: =(((((1750905*$D$9+J19)*47.59%)/13*10)/30*4)+((((1750905*$D$9+J19)*52.41%)/11*0)/30*0)) -> 873026.68 | J19: =+$D$4*3 -> 9391.6667 | K19: =SUM(I19)*8% -> 69842.134 | L19: =+I19+K19 -> 942868.81 | M19: =ROUND(L19*$M$11,0) -> 94287 | N19: =ROUND(M19*19%,0) -> 17915 | O19: =+(L19+N19)*E19 -> 960783.81 | Q19: =(((((1750905*$D$9+R19)*47.59%)/13*10)/30*20)+((((1750905*$D$9+R19)*52.41%)/11*0)/30*0)) -> 4365133.4 | R19: =+$D$4*3 -> 9391.6667 | S19: =SUM(Q19)*8% -> 349210.67 | T19: =+Q19+S19 -> 4714344 | U19: =ROUND(T19*$U$11,0) -> 471434 | V19: =ROUND(U19*19%,0) -> 89572 | W19: =+(T19+V19)*E19 -> 4803916 | X19: =(((((1750905*$D$9+Y19)*47.59%)/13*10)/30*7)+((((1750905*$D$9+Y19)*52.41%)/11*0)/30*0)) -> 1527796.7 | Y19: =+$D$4*3 -> 9391.6667 | Z19: =SUM(X19)*8% -> 122223.73 | AA19: =+X19+Z19 -> 1650020.4 | AB19: =ROUND(AA19*$U$11,0) -> 165002 | AC19: =ROUND(AB19*19%,0) -> 31350 | AD19: =+(AA19+AC19)*E19 -> 1681370.4 | AE19: =+O19+W19+AD19 -> 7446070.3 | AG19: =+AE19*F19 -> 0 | AH19: =+AE19*G19 -> 7446070.3 | AI19: =+AE19*H19 -> 0
A20: Servicio de vigilancia física con medio humano, sin arma, sin canino, con jornada laboral mes/10 horas diurnas de lunes a viernes sin festivos | B20: (interno) FICHERO 2 CUBICULO Control de fichero puerta principal I Etapa del Palacio de Justicia de Cúcuta - Avenida Gran Colombia entre Avd. 3E y 4E de Cúcuta. | C20: PALACIO DE JUSTICIA FRANCISCO PAULA SANTANDER AV GRAN COLOMBIA ENTRE AV 3E Y 4E | D20: Cucuta | E20: 1 | G20: 1 | I20: =(((((1750905*$D$9+J20)*47.59%)/13*10)/30*4)+((((1750905*$D$9+J20)*52.41%)/11*0)/30*0)) -> 873026.68 | J20: =+$D$4*3 -> 9391.6667 | K20: =SUM(I20)*8% -> 69842.134 | L20: =+I20+K20 -> 942868.81 | M20: =ROUND(L20*$M$11,0) -> 94287 | N20: =ROUND(M20*19%,0) -> 17915 | O20: =+(L20+N20)*E20 -> 960783.81 | Q20: =(((((1750905*$D$9+R20)*47.59%)/13*10)/30*20)+((((1750905*$D$9+R20)*52.41%)/11*0)/30*0)) -> 4365133.4 | R20: =+$D$4*3 -> 9391.6667 | S20: =SUM(Q20)*8% -> 349210.67 | T20: =+Q20+S20 -> 4714344 | U20: =ROUND(T20*$U$11,0) -> 471434 | V20: =ROUND(U20*19%,0) -> 89572 | W20: =+(T20+V20)*E20 -> 4803916 | X20: =(((((1750905*$D$9+Y20)*47.59%)/13*10)/30*7)+((((1750905*$D$9+Y20)*52.41%)/11*0)/30*0)) -> 1527796.7 | Y20: =+$D$4*3 -> 9391.6667 | Z20: =SUM(X20)*8% -> 122223.73 | AA20: =+X20+Z20 -> 1650020.4 | AB20: =ROUND(AA20*$U$11,0) -> 165002 | AC20: =ROUND(AB20*19%,0) -> 31350 | AD20: =+(AA20+AC20)*E20 -> 1681370.4 | AE20: =+O20+W20+AD20 -> 7446070.3 | AG20: =+AE20*F20 -> 0 | AH20: =+AE20*G20 -> 7446070.3 | AI20: =+AE20*H20 -> 0
A21: Servicio de vigilancia física con medio humano, sin arma, sin canino, con jornada laboral mes/10 horas diurnas de lunes a viernes sin festivos | B21: (interno) FICHERO 3 CUBICULO Control de fichero puerta principal, abogados y usuarios. I Etapa del Palacio de Justicia de Cúcuta - Avenida Gran Colombia entre Avd. 3E y 4E de Cúcuta. | C21: PALACIO DE JUSTICIA FRANCISCO PAULA SANTANDER AV GRAN COLOMBIA ENTRE AV 3E Y 4E | D21: Cucuta | E21: 1 | G21: 1 | I21: =(((((1750905*$D$9+J21)*47.59%)/13*10)/30*4)+((((1750905*$D$9+J21)*52.41%)/11*0)/30*0)) -> 873026.68 | J21: =+$D$4*3 -> 9391.6667 | K21: =SUM(I21)*8% -> 69842.134 | L21: =+I21+K21 -> 942868.81 | M21: =ROUND(L21*$M$11,0) -> 94287 | N21: =ROUND(M21*19%,0) -> 17915 | O21: =+(L21+N21)*E21 -> 960783.81 | Q21: =(((((1750905*$D$9+R21)*47.59%)/13*10)/30*20)+((((1750905*$D$9+R21)*52.41%)/11*0)/30*0)) -> 4365133.4 | R21: =+$D$4*3 -> 9391.6667 | S21: =SUM(Q21)*8% -> 349210.67 | T21: =+Q21+S21 -> 4714344 | U21: =ROUND(T21*$U$11,0) -> 471434 | V21: =ROUND(U21*19%,0) -> 89572 | W21: =+(T21+V21)*E21 -> 4803916 | X21: =(((((1750905*$D$9+Y21)*47.59%)/13*10)/30*7)+((((1750905*$D$9+Y21)*52.41%)/11*0)/30*0)) -> 1527796.7 | Y21: =+$D$4*3 -> 9391.6667 | Z21: =SUM(X21)*8% -> 122223.73 | AA21: =+X21+Z21 -> 1650020.4 | AB21: =ROUND(AA21*$U$11,0) -> 165002 | AC21: =ROUND(AB21*19%,0) -> 31350 | AD21: =+(AA21+AC21)*E21 -> 1681370.4 | AE21: =+O21+W21+AD21 -> 7446070.3 | AG21: =+AE21*F21 -> 0 | AH21: =+AE21*G21 -> 7446070.3 | AI21: =+AE21*H21 -> 0
A22: Servicio de vigilancia física con medio humano, sin arma, sin canino, con jornada laboral mes/12 horas de domingo a domingo. | B22: SISTEMA PENAL ACUSATORIO 2DO PISO Seguridad nuevo SPA I Etapa del Palacio de Justicia de Cúcuta | C22: PALACIO DE JUSTICIA FRANCISCO PAULA SANTANDER AV GRAN COLOMBIA ENTRE AV 3E Y 4E | D22: Cucuta | E22: 1 | G22: 1 | I22: =(((((1750905*$D$9+J22)*47.59%)/13*12)/30*7)+((((1750905*$D$9+J22)*52.41%)/11*0)/30*0)) -> 1833356 | J22: =+$D$4*3 -> 9391.6667 | K22: =SUM(I22)*8% -> 146668.48 | L22: =+I22+K22 -> 1980024.5 | M22: =ROUND(L22*$M$11,0) -> 198002 | N22: =ROUND(M22*19%,0) -> 37620 | O22: =+(L22+N22)*E22 -> 2017644.5 | Q22: =(((((1750905*$D$9+R22)*47.59%)/13*12)/30*30)+((((1750905*$D$9+R22)*52.41%)/11*0)/30*0)) -> 7857240.1 | R22: =+$D$4*3 -> 9391.6667 | S22: =SUM(Q22)*8% -> 628579.21 | T22: =+Q22+S22 -> 8485819.3 | U22: =ROUND(T22*$U$11,0) -> 848582 | V22: =ROUND(U22*19%,0) -> 161231 | W22: =+(T22+V22)*E22 -> 8647050.3 | X22: =(((((1750905*$D$9+Y22)*47.59%)/13*12)/30*10)+((((1750905*$D$9+Y22)*52.41%)/11*0)/30*0)) -> 2619080 | Y22: =+$D$4*3 -> 9391.6667 | Z22: =SUM(X22)*8% -> 209526.4 | AA22: =+X22+Z22 -> 2828606.4 | AB22: =ROUND(AA22*$U$11,0) -> 282861 | AC22: =ROUND(AB22*19%,0) -> 53744 | AD22: =+(AA22+AC22)*E22 -> 2882350.4 | AE22: =+O22+W22+AD22 -> 13547045 | AG22: =+AE22*F22 -> 0 | AH22: =+AE22*G22 -> 13547045 | AI22: =+AE22*H22 -> 0
A23: Servicio de vigilancia física con medio humano, con arma, sin canino, con jornada laboral mes/24 horas de domingo a domingo. | B23: (interno y exterior) (FICHERO) GARITA CONTROL VEHICULAR Puesto de control vehicular al sótano del Palacio de Justicia de Cúcuta - Avenida 4E de Cúcuta. | C23: PALACIO DE JUSTICIA FRANCISCO PAULA SANTANDER AV GRAN COLOMBIA ENTRE AV 3E Y 4E | D23: Cucuta | E23: 1 | G23: 1 | I23: =(((((1750905*$D$9+J23)*47.59%)/13*13)/30*7)+((((1750905*$D$9+J23)*52.41%)/11*11)/30*7)) -> 4173430.7 | J23: =+$D$4*3 -> 9391.6667 | K23: =SUM(I23)*10% -> 417343.07 | L23: =+I23+K23 -> 4590773.8 | M23: =ROUND(L23*$M$11,0) -> 459077 | N23: =ROUND(M23*19%,0) -> 87225 | O23: =+(L23+N23)*E23 -> 4677998.8 | Q23: =(((((1750905*$D$9+R23)*47.59%)/13*13)/30*30)+((((1750905*$D$9+R23)*52.41%)/11*11)/30*30)) -> 17886132 | R23: =+$D$4*3 -> 9391.6667 | S23: =SUM(Q23)*10% -> 1788613.2 | T23: =+Q23+S23 -> 19674745 | U23: =ROUND(T23*$U$11,0) -> 1967474 | V23: =ROUND(U23*19%,0) -> 373820 | W23: =+(T23+V23)*E23 -> 20048565 | X23: =(((((1750905*$D$9+Y23)*47.59%)/13*13)/30*10)+((((1750905*$D$9+Y23)*52.41%)/11*11)/30*10)) -> 5962043.9 | Y23: =+$D$4*3 -> 9391.6667 | Z23: =SUM(X23)*10% -> 596204.39 | AA23: =+X23+Z23 -> 6558248.3 | AB23: =ROUND(AA23*$U$11,0) -> 655825 | AC23: =ROUND(AB23*19%,0) -> 124607 | AD23: =+(AA23+AC23)*E23 -> 6682855.3 | AE23: =+O23+W23+AD23 -> 31409419 | AG23: =+AE23*F23 -> 0 | AH23: =+AE23*G23 -> 31409419 | AI23: =+AE23*H23 -> 0
A24: Servicio de vigilancia física con medio humano, sin arma , sin canino, con jornada laboral mes/8 horas diurnas de lunes a viernes. | B24: (interno) Palacio de Justicia RAYOS X usuarios | C24: PALACIO DE JUSTICIA FRANCISCO PAULA SANTANDER AV GRAN COLOMBIA ENTRE AV 3E Y 4E | D24: Cucuta | E24: 1 | G24: 1 | I24: =(((((1750905*$D$9+J24)*47.59%)/13*8)/30*4)+((((1750905*$D$9+J24)*52.41%)/11*0)/30*0)) -> 698421.34 | J24: =+$D$4*3 -> 9391.6667 | K24: =SUM(I24)*8% -> 55873.707 | L24: =+I24+K24 -> 754295.05 | M24: =ROUND(L24*$M$11,0) -> 75430 | N24: =ROUND(M24*19%,0) -> 14332 | O24: =+(L24+N24)*E24 -> 768627.05 | Q24: =(((((1750905*$D$9+R24)*47.59%)/13*8)/30*20)+((((1750905*$D$9+R24)*52.41%)/11*0)/30*0)) -> 3492106.7 | R24: =+$D$4*3 -> 9391.6667 | S24: =SUM(Q24)*8% -> 279368.54 | T24: =+Q24+S24 -> 3771475.2 | U24: =ROUND(T24*$U$11,0) -> 377148 | V24: =ROUND(U24*19%,0) -> 71658 | W24: =+(T24+V24)*E24 -> 3843133.2 | X24: =(((((1750905*$D$9+Y24)*47.59%)/13*8)/30*7)+((((1750905*$D$9+Y24)*52.41%)/11*0)/30*0)) -> 1222237.3 | Y24: =+$D$4*3 -> 9391.6667 | Z24: =SUM(X24)*8% -> 97778.988 | AA24: =+X24+Z24 -> 1320016.3 | AB24: =ROUND(AA24*$U$11,0) -> 132002 | AC24: =ROUND(AB24*19%,0) -> 25080 | AD24: =+(AA24+AC24)*E24 -> 1345096.3 | AE24: =+O24+W24+AD24 -> 5956856.6 | AG24: =+AE24*F24 -> 0 | AH24: =+AE24*G24 -> 5956856.6 | AI24: =+AE24*H24 -> 0
A25: Servicio de vigilancia física con medio humano, sin arma, sin canino, con jornada laboral mes/10 horas diurnas de lunes a viernes sin festivos | B25: (interno) ENTRADA INPEC AV3E I Etapa del Palacio de Justicia de Cúcuta, entrada lateral. | C25: PALACIO DE JUSTICIA FRANCISCO PAULA SANTANDER AV GRAN COLOMBIA ENTRE AV 3E Y 4E | D25: Cucuta | E25: 1 | G25: 1 | I25: =(((((1750905*$D$9+J25)*47.59%)/13*10)/30*4)+((((1750905*$D$9+J25)*52.41%)/11*0)/30*0)) -> 873026.68 | J25: =+$D$4*3 -> 9391.6667 | K25: =SUM(I25)*8% -> 69842.134 | L25: =+I25+K25 -> 942868.81 | M25: =ROUND(L25*$M$11,0) -> 94287 | N25: =ROUND(M25*19%,0) -> 17915 | O25: =+(L25+N25)*E25 -> 960783.81 | Q25: =(((((1750905*$D$9+R25)*47.59%)/13*10)/30*20)+((((1750905*$D$9+R25)*52.41%)/11*0)/30*0)) -> 4365133.4 | R25: =+$D$4*3 -> 9391.6667 | S25: =SUM(Q25)*8% -> 349210.67 | T25: =+Q25+S25 -> 4714344 | U25: =ROUND(T25*$U$11,0) -> 471434 | V25: =ROUND(U25*19%,0) -> 89572 | W25: =+(T25+V25)*E25 -> 4803916 | X25: =(((((1750905*$D$9+Y25)*47.59%)/13*10)/30*7)+((((1750905*$D$9+Y25)*52.41%)/11*0)/30*0)) -> 1527796.7 | Y25: =+$D$4*3 -> 9391.6667 | Z25: =SUM(X25)*8% -> 122223.73 | AA25: =+X25+Z25 -> 1650020.4 | AB25: =ROUND(AA25*$U$11,0) -> 165002 | AC25: =ROUND(AB25*19%,0) -> 31350 | AD25: =+(AA25+AC25)*E25 -> 1681370.4 | AE25: =+O25+W25+AD25 -> 7446070.3 | AG25: =+AE25*F25 -> 0 | AH25: =+AE25*G25 -> 7446070.3 | AI25: =+AE25*H25 -> 0
A26: (Manejador Canino) Servicio de vigilancia física con medio humano, sin arma, con canino, con jornada laboral mes/11 horas de lunes a viernes y sabados 6 horas diurnas | B26: (Interno y externo) Puesto control ingreso al parqueadero palacio de Justicia (CON CANINO) | C26: PALACIO DE JUSTICIA FRANCISCO PAULA SANTANDER AV GRAN COLOMBIA ENTRE AV 3E Y 4E | D26: Cucuta | E26: 1 | G26: 1 | I26: =(((((1750905*$D$9+J26)*47.59%)/13*11)/30*4)+(((1750905*$D$9+J26)*47.59%)/13*6)/30*1)+((((1750905*$D$9+J26)*52.41%)/11*0)/30*0) -> 1091283.3 | J26: =+$D$4*3 -> 9391.6667 | K26: =SUM(I26)*11% -> 120041.17 | L26: =+I26+K26 -> 1211324.5 | M26: =ROUND(L26*$M$11,0) -> 121132 | N26: =ROUND(M26*19%,0) -> 23015 | O26: =+(L26+N26)*E26 -> 1234339.5 | Q26: =(((((1750905*$D$9+R26)*47.59%)/13*11)/30*20)+(((1750905*$D$9+R26)*47.59%)/13*6)/30*4)+((((1750905*$D$9+R26)*52.41%)/11*0)/30*0) -> 5325462.7 | R26: =+$D$4*3 -> 9391.6667 | S26: =SUM(Q26)*11% -> 585800.9 | T26: =+Q26+S26 -> 5911263.6 | U26: =ROUND(T26*$U$11,0) -> 591126 | V26: =ROUND(U26*19%,0) -> 112314 | W26: =+(T26+V26)*E26 -> 6023577.6 | X26: =(((((1750905*$D$9+Y26)*47.59%)/13*11)/30*7)+(((1750905*$D$9+Y26)*47.59%)/13*6)/30*1)+((((1750905*$D$9+Y26)*52.41%)/11*0)/30*0) -> 1811530.4 | Y26: =+$D$4*3 -> 9391.6667 | Z26: =SUM(X26)*11% -> 199268.34 | AA26: =+X26+Z26 -> 2010798.7 | AB26: =ROUND(AA26*$U$11,0) -> 201080 | AC26: =ROUND(AB26*19%,0) -> 38205 | AD26: =+(AA26+AC26)*E26 -> 2049003.7 | AE26: =+O26+W26+AD26 -> 9306920.8 | AG26: =+AE26*F26 -> 0 | AH26: =+AE26*G26 -> 9306920.8 | AI26: =+AE26*H26 -> 0
A27: Servicio de vigilancia física con medio humano, sin arma, sin canino, con jornada laboral mes/12 horas diurnas de lunes a viernes, sin festivos | B27: Piso 3 y 4 Torre A Apoyo INPEC Apoyo sotano | C27: PALACIO DE JUSTICIA FRANCISCO PAULA SANTANDER AV GRAN COLOMBIA ENTRE AV 3E Y 4E | D27: Cucuta | E27: 1 | G27: 1 | I27: =(((((1750905*$D$9+J27)*47.59%)/13*12)/30*4)+((((1750905*$D$9+J27)*52.41%)/11*0)/30*0)) -> 1047632 | J27: =+$D$4*3 -> 9391.6667 | K27: =SUM(I27)*8% -> 83810.561 | L27: =+I27+K27 -> 1131442.6 | M27: =ROUND(L27*$M$11,0) -> 113144 | N27: =ROUND(M27*19%,0) -> 21497 | O27: =+(L27+N27)*E27 -> 1152939.6 | Q27: =(((((1750905*$D$9+R27)*47.59%)/13*12)/30*20)+((((1750905*$D$9+R27)*52.41%)/11*0)/30*0)) -> 5238160.1 | R27: =+$D$4*3 -> 9391.6667 | S27: =SUM(Q27)*8% -> 419052.8 | T27: =+Q27+S27 -> 5657212.9 | U27: =ROUND(T27*$U$11,0) -> 565721 | V27: =ROUND(U27*19%,0) -> 107487 | W27: =+(T27+V27)*E27 -> 5764699.9 | X27: =(((((1750905*$D$9+Y27)*47.59%)/13*12)/30*7)+((((1750905*$D$9+Y27)*52.41%)/11*0)/30*0)) -> 1833356 | Y27: =+$D$4*3 -> 9391.6667 | Z27: =SUM(X27)*8% -> 146668.48 | AA27: =+X27+Z27 -> 1980024.5 | AB27: =ROUND(AA27*$U$11,0) -> 198002 | AC27: =ROUND(AB27*19%,0) -> 37620 | AD27: =+(AA27+AC27)*E27 -> 2017644.5 | AE27: =+O27+W27+AD27 -> 8935283.9 | AG27: =+AE27*F27 -> 0 | AH27: =+AE27*G27 -> 8935283.9 | AI27: =+AE27*H27 -> 0
A28: Servicio de vigilancia física con medio humano, sin arma, sin canino, con jornada laboral mes/8 horas diurnas de lunes a viernes, sin festivos | B28: (interno) SEXTO Y SEPTIMO PISO | C28: EDIFICIO BANCO BOGOTA AVENIDA 6 # 10 - 82 | D28: Cucuta | E28: 1 | G28: 1 | I28: =(((((1750905*$D$9+J28)*47.59%)/13*8)/30*4)+((((1750905*$D$9+J28)*52.41%)/11*0)/30*0)) -> 698421.34 | J28: =+$D$4*3 -> 9391.6667 | K28: =SUM(I28)*8% -> 55873.707 | L28: =+I28+K28 -> 754295.05 | M28: =ROUND(L28*$M$11,0) -> 75430 | N28: =ROUND(M28*19%,0) -> 14332 | O28: =+(L28+N28)*E28 -> 768627.05 | Q28: =(((((1750905*$D$9+R28)*47.59%)/13*8)/30*20)+((((1750905*$D$9+R28)*52.41%)/11*0)/30*0)) -> 3492106.7 | R28: =+$D$4*3 -> 9391.6667 | S28: =SUM(Q28)*8% -> 279368.54 | T28: =+Q28+S28 -> 3771475.2 | U28: =ROUND(T28*$U$11,0) -> 377148 | V28: =ROUND(U28*19%,0) -> 71658 | W28: =+(T28+V28)*E28 -> 3843133.2 | X28: =(((((1750905*$D$9+Y28)*47.59%)/13*8)/30*7)+((((1750905*$D$9+Y28)*52.41%)/11*0)/30*0)) -> 1222237.3 | Y28: =+$D$4*3 -> 9391.6667 | Z28: =SUM(X28)*8% -> 97778.988 | AA28: =+X28+Z28 -> 1320016.3 | AB28: =ROUND(AA28*$U$11,0) -> 132002 | AC28: =ROUND(AB28*19%,0) -> 25080 | AD28: =+(AA28+AC28)*E28 -> 1345096.3 | AE28: =+O28+W28+AD28 -> 5956856.6 | AG28: =+AE28*F28 -> 0 | AH28: =+AE28*G28 -> 5956856.6 | AI28: =+AE28*H28 -> 0
A29: Servicio de vigilancia física con medio humano, sin arma, sin canino, con jornada laboral mes/9 horas diurnas de lunes a viernes sin festivos | B29: (interno) (FICHERO TEMIS) Juridiccion tierras. | C29: EDIFICIO TEMIS CALLE 7A Nº 3 E -103 | D29: Cucuta | E29: 1 | F29: 0.07 | G29: 0.93 | I29: =(((((1750905*$D$9+J29)*47.59%)/13*9)/30*4)+((((1750905*$D$9+J29)*52.41%)/11*0)/30*0)) -> 785724.01 | J29: =+$D$4*3 -> 9391.6667 | K29: =SUM(I29)*8% -> 62857.921 | L29: =+I29+K29 -> 848581.93 | M29: =ROUND(L29*$M$11,0) -> 84858 | N29: =ROUND(M29*19%,0) -> 16123 | O29: =+(L29+N29)*E29 -> 864704.93 | Q29: =(((((1750905*$D$9+R29)*47.59%)/13*9)/30*20)+((((1750905*$D$9+R29)*52.41%)/11*0)/30*0)) -> 3928620 | R29: =+$D$4*3 -> 9391.6667 | S29: =SUM(Q29)*8% -> 314289.6 | T29: =+Q29+S29 -> 4242909.6 | U29: =ROUND(T29*$U$11,0) -> 424291 | V29: =ROUND(U29*19%,0) -> 80615 | W29: =+(T29+V29)*E29 -> 4323524.6 | X29: =(((((1750905*$D$9+Y29)*47.59%)/13*9)/30*7)+((((1750905*$D$9+Y29)*52.41%)/11*0)/30*0)) -> 1375017 | Y29: =+$D$4*3 -> 9391.6667 | Z29: =SUM(X29)*8% -> 110001.36 | AA29: =+X29+Z29 -> 1485018.4 | AB29: =ROUND(AA29*$U$11,0) -> 148502 | AC29: =ROUND(AB29*19%,0) -> 28215 | AD29: =+(AA29+AC29)*E29 -> 1513233.4 | AE29: =+O29+W29+AD29 -> 6701462.9 | AG29: =+AE29*F29 -> 469102.41 | AH29: =+AE29*G29 -> 6232360.5 | AI29: =+AE29*H29 -> 0
A30: Servicio de vigilancia física con medio humano, con arma, sin canino, con jornada laboral mes/24 horas de domingo a domingo. | B30: (Interno) PARTE EXTERIOR Y INTERIOR JURISDICCION DE TIERRAS | C30: EDIFICIO TEMIS CALLE 7A Nº 3 E -103 | D30: Cucuta | E30: 1 | F30: 0.07 | G30: 0.93 | I30: =(((((1750905*$D$9+J30)*47.59%)/13*13)/30*7)+((((1750905*$D$9+J30)*52.41%)/11*11)/30*7)) -> 4173430.7 | J30: =+$D$4*3 -> 9391.6667 | K30: =SUM(I30)*10% -> 417343.07 | L30: =+I30+K30 -> 4590773.8 | M30: =ROUND(L30*$M$11,0) -> 459077 | N30: =ROUND(M30*19%,0) -> 87225 | O30: =+(L30+N30)*E30 -> 4677998.8 | Q30: =(((((1750905*$D$9+R30)*47.59%)/13*13)/30*30)+((((1750905*$D$9+R30)*52.41%)/11*11)/30*30)) -> 17886132 | R30: =+$D$4*3 -> 9391.6667 | S30: =SUM(Q30)*10% -> 1788613.2 | T30: =+Q30+S30 -> 19674745 | U30: =ROUND(T30*$U$11,0) -> 1967474 | V30: =ROUND(U30*19%,0) -> 373820 | W30: =+(T30+V30)*E30 -> 20048565 | X30: =(((((1750905*$D$9+Y30)*47.59%)/13*13)/30*10)+((((1750905*$D$9+Y30)*52.41%)/11*11)/30*10)) -> 5962043.9 | Y30: =+$D$4*3 -> 9391.6667 | Z30: =SUM(X30)*10% -> 596204.39 | AA30: =+X30+Z30 -> 6558248.3 | AB30: =ROUND(AA30*$U$11,0) -> 655825 | AC30: =ROUND(AB30*19%,0) -> 124607 | AD30: =+(AA30+AC30)*E30 -> 6682855.3 | AE30: =+O30+W30+AD30 -> 31409419 | AG30: =+AE30*F30 -> 2198659.3 | AH30: =+AE30*G30 -> 29210760 | AI30: =+AE30*H30 -> 0
A31: Servicio de vigilancia física con medio humano, con arma, sin canino, con jornada laboral mes/10 horas de domingo a domingo. | B31: (externo) PARTE EXTERIOR Y INTERIOR JURISDICCION DE TIERRAS | C31: EDIFICIO TEMIS CALLE 7A Nº 3 E -103 | D31: Cucuta | E31: 1 | F31: 0.07 | G31: 0.93 | I31: =(((((1750905*$D$9+J31)*47.59%)/13*10)/30*7)+((((1750905*$D$9+J31)*52.41%)/11*0)/30*0)) -> 1527796.7 | J31: =+$D$4*3 -> 9391.6667 | K31: =SUM(I31)*10% -> 152779.67 | L31: =+I31+K31 -> 1680576.3 | M31: =ROUND(L31*$M$11,0) -> 168058 | N31: =ROUND(M31*19%,0) -> 31931 | O31: =+(L31+N31)*E31 -> 1712507.3 | Q31: =(((((1750905*$D$9+R31)*47.59%)/13*10)/30*30)+((((1750905*$D$9+R31)*52.41%)/11*0)/30*0)) -> 6547700.1 | R31: =+$D$4*3 -> 9391.6667 | S31: =SUM(Q31)*10% -> 654770.01 | T31: =+Q31+S31 -> 7202470.1 | U31: =ROUND(T31*$U$11,0) -> 720247 | V31: =ROUND(U31*19%,0) -> 136847 | W31: =+(T31+V31)*E31 -> 7339317.1 | X31: =(((((1750905*$D$9+Y31)*47.59%)/13*10)/30*10)+((((1750905*$D$9+Y31)*52.41%)/11*0)/30*0)) -> 2182566.7 | Y31: =+$D$4*3 -> 9391.6667 | Z31: =SUM(X31)*10% -> 218256.67 | AA31: =+X31+Z31 -> 2400823.4 | AB31: =ROUND(AA31*$U$11,0) -> 240082 | AC31: =ROUND(AB31*19%,0) -> 45616 | AD31: =+(AA31+AC31)*E31 -> 2446439.4 | AE31: =+O31+W31+AD31 -> 11498264 | AG31: =+AE31*F31 -> 804878.46 | AH31: =+AE31*G31 -> 10693385 | AI31: =+AE31*H31 -> 0
A32: Servicio de vigilancia física con medio humano, con arma, sin canino, con jornada laboral mes/24 horas de domingo a domingo. | B32: (interno) PARTE INTERIOR VILLA DEL ROSARIO | C32: EDIFICIO LOS PINOS # 22N-197 # 22N-203 LOCAL 201,202,203 Y PARQUEADERO BARRIO MONTEVIDEO DEL MUNICIPIO DE VILLA DEL ROSARIO N/S | D32: Villa Rosario | E32: 1 | G32: 1 | I32: =(((((1750905*$D$9+J32)*47.59%)/13*13)/30*7)+((((1750905*$D$9+J32)*52.41%)/11*11)/30*7)) -> 4173430.7 | J32: =+$D$4*3 -> 9391.6667 | K32: =SUM(I32)*10% -> 417343.07 | L32: =+I32+K32 -> 4590773.8 | M32: =ROUND(L32*$M$11,0) -> 459077 | N32: =ROUND(M32*19%,0) -> 87225 | O32: =+(L32+N32)*E32 -> 4677998.8 | Q32: =(((((1750905*$D$9+R32)*47.59%)/13*13)/30*30)+((((1750905*$D$9+R32)*52.41%)/11*11)/30*30)) -> 17886132 | R32: =+$D$4*3 -> 9391.6667 | S32: =SUM(Q32)*10% -> 1788613.2 | T32: =+Q32+S32 -> 19674745 | U32: =ROUND(T32*$U$11,0) -> 1967474 | V32: =ROUND(U32*19%,0) -> 373820 | W32: =+(T32+V32)*E32 -> 20048565 | X32: =(((((1750905*$D$9+Y32)*47.59%)/13*13)/30*10)+((((1750905*$D$9+Y32)*52.41%)/11*11)/30*10)) -> 5962043.9 | Y32: =+$D$4*3 -> 9391.6667 | Z32: =SUM(X32)*10% -> 596204.39 | AA32: =+X32+Z32 -> 6558248.3 | AB32: =ROUND(AA32*$U$11,0) -> 655825 | AC32: =ROUND(AB32*19%,0) -> 124607 | AD32: =+(AA32+AC32)*E32 -> 6682855.3 | AE32: =+O32+W32+AD32 -> 31409419 | AG32: =+AE32*F32 -> 0 | AH32: =+AE32*G32 -> 31409419 | AI32: =+AE32*H32 -> 0
A33: (Operador de medios tecnológicos) Servicio de vigilancia física con medio humano, sin arma, sin canino, con jornada laboral mes/12 horas diurnas de domingo a domingo. | B33: (Interno) CCTV PALACIO DE JUSTICA LOS PATIOS | C33: PALACIO JUSTICIA DE PATIOS Av. 1 #36-30 | D33: Los Patios | E33: 1 | G33: 1 | I33: =(((((1750905*$D$9+J33)*47.59%)/13*12)/30*7)+((((1750905*$D$9+J33)*52.41%)/11*0)/30*0)) -> 1833356 | J33: =+$D$4*3 -> 9391.6667 | K33: =SUM(I33)*8% -> 146668.48 | L33: =+I33+K33 -> 1980024.5 | M33: =ROUND(L33*$M$11,0) -> 198002 | N33: =ROUND(M33*19%,0) -> 37620 | O33: =+(L33+N33)*E33 -> 2017644.5 | Q33: =(((((1750905*$D$9+R33)*47.59%)/13*12)/30*30)+((((1750905*$D$9+R33)*52.41%)/11*0)/30*0)) -> 7857240.1 | R33: =+$D$4*3 -> 9391.6667 | S33: =SUM(Q33)*8% -> 628579.21 | T33: =+Q33+S33 -> 8485819.3 | U33: =ROUND(T33*$U$11,0) -> 848582 | V33: =ROUND(U33*19%,0) -> 161231 | W33: =+(T33+V33)*E33 -> 8647050.3 | X33: =(((((1750905*$D$9+Y33)*47.59%)/13*12)/30*10)+((((1750905*$D$9+Y33)*52.41%)/11*0)/30*0)) -> 2619080 | Y33: =+$D$4*3 -> 9391.6667 | Z33: =SUM(X33)*8% -> 209526.4 | AA33: =+X33+Z33 -> 2828606.4 | AB33: =ROUND(AA33*$U$11,0) -> 282861 | AC33: =ROUND(AB33*19%,0) -> 53744 | AD33: =+(AA33+AC33)*E33 -> 2882350.4 | AE33: =+O33+W33+AD33 -> 13547045 | AG33: =+AE33*F33 -> 0 | AH33: =+AE33*G33 -> 13547045 | AI33: =+AE33*H33 -> 0
A34: Servicio de vigilancia física con medio humano, sin arma, sin canino, con jornada laboral mes/10 horas diurnas de lunes a viernes sin festivos | B34: (Interno) (FICHERO) PALACIO DE JUSTICIA DE LOS PATIOS | C34: PALACIO JUSTICIA DE PATIOS Av. 1 #36-30 | D34: Los Patios | E34: 1 | G34: 1 | I34: =(((((1750905*$D$9+J34)*47.59%)/13*10)/30*4)+((((1750905*$D$9+J34)*52.41%)/11*0)/30*0)) -> 873026.68 | J34: =+$D$4*3 -> 9391.6667 | K34: =SUM(I34)*8% -> 69842.134 | L34: =+I34+K34 -> 942868.81 | M34: =ROUND(L34*$M$11,0) -> 94287 | N34: =ROUND(M34*19%,0) -> 17915 | O34: =+(L34+N34)*E34 -> 960783.81 | Q34: =(((((1750905*$D$9+R34)*47.59%)/13*10)/30*20)+((((1750905*$D$9+R34)*52.41%)/11*0)/30*0)) -> 4365133.4 | R34: =+$D$4*3 -> 9391.6667 | S34: =SUM(Q34)*8% -> 349210.67 | T34: =+Q34+S34 -> 4714344 | U34: =ROUND(T34*$U$11,0) -> 471434 | V34: =ROUND(U34*19%,0) -> 89572 | W34: =+(T34+V34)*E34 -> 4803916 | X34: =(((((1750905*$D$9+Y34)*47.59%)/13*10)/30*7)+((((1750905*$D$9+Y34)*52.41%)/11*0)/30*0)) -> 1527796.7 | Y34: =+$D$4*3 -> 9391.6667 | Z34: =SUM(X34)*8% -> 122223.73 | AA34: =+X34+Z34 -> 1650020.4 | AB34: =ROUND(AA34*$U$11,0) -> 165002 | AC34: =ROUND(AB34*19%,0) -> 31350 | AD34: =+(AA34+AC34)*E34 -> 1681370.4 | AE34: =+O34+W34+AD34 -> 7446070.3 | AG34: =+AE34*F34 -> 0 | AH34: =+AE34*G34 -> 7446070.3 | AI34: =+AE34*H34 -> 0
A35: Servicio de vigilancia física con medio humano, con arma, sin canino, con jornada laboral mes/24 horas de domingo a domingo. | B35: (Exterior) ESQUINA PALACIO DE JUSTICIA LOS PATIOS | C35: PALACIO JUSTICIA DE PATIOS Av. 1 #36-30 | D35: Los Patios | E35: 1 | G35: 1 | I35: =(((((1750905*$D$9+J35)*47.59%)/13*13)/30*7)+((((1750905*$D$9+J35)*52.41%)/11*11)/30*7)) -> 4173430.7 | J35: =+$D$4*3 -> 9391.6667 | K35: =SUM(I35)*10% -> 417343.07 | L35: =+I35+K35 -> 4590773.8 | M35: =ROUND(L35*$M$11,0) -> 459077 | N35: =ROUND(M35*19%,0) -> 87225 | O35: =+(L35+N35)*E35 -> 4677998.8 | Q35: =(((((1750905*$D$9+R35)*47.59%)/13*13)/30*30)+((((1750905*$D$9+R35)*52.41%)/11*11)/30*30)) -> 17886132 | R35: =+$D$4*3 -> 9391.6667 | S35: =SUM(Q35)*10% -> 1788613.2 | T35: =+Q35+S35 -> 19674745 | U35: =ROUND(T35*$U$11,0) -> 1967474 | V35: =ROUND(U35*19%,0) -> 373820 | W35: =+(T35+V35)*E35 -> 20048565 | X35: =(((((1750905*$D$9+Y35)*47.59%)/13*13)/30*10)+((((1750905*$D$9+Y35)*52.41%)/11*11)/30*10)) -> 5962043.9 | Y35: =+$D$4*3 -> 9391.6667 | Z35: =SUM(X35)*10% -> 596204.39 | AA35: =+X35+Z35 -> 6558248.3 | AB35: =ROUND(AA35*$U$11,0) -> 655825 | AC35: =ROUND(AB35*19%,0) -> 124607 | AD35: =+(AA35+AC35)*E35 -> 6682855.3 | AE35: =+O35+W35+AD35 -> 31409419 | AG35: =+AE35*F35 -> 0 | AH35: =+AE35*G35 -> 31409419 | AI35: =+AE35*H35 -> 0
A36: Servicio de vigilancia física con medio humano, con arma, sin canino, con jornada laboral mes/24 horas de domingo a domingo. | B36: (Interno y Externo) Puesto de control garita parqueadero | C36: PALACIO JUSTICIA DE PATIOS Av. 1 #36-30 | D36: Los Patios | E36: 1 | G36: 1 | I36: =(((((1750905*$D$9+J36)*47.59%)/13*13)/30*7)+((((1750905*$D$9+J36)*52.41%)/11*11)/30*7)) -> 4173430.7 | J36: =+$D$4*3 -> 9391.6667 | K36: =SUM(I36)*10% -> 417343.07 | L36: =+I36+K36 -> 4590773.8 | M36: =ROUND(L36*$M$11,0) -> 459077 | N36: =ROUND(M36*19%,0) -> 87225 | O36: =+(L36+N36)*E36 -> 4677998.8 | Q36: =(((((1750905*$D$9+R36)*47.59%)/13*13)/30*30)+((((1750905*$D$9+R36)*52.41%)/11*11)/30*30)) -> 17886132 | R36: =+$D$4*3 -> 9391.6667 | S36: =SUM(Q36)*10% -> 1788613.2 | T36: =+Q36+S36 -> 19674745 | U36: =ROUND(T36*$U$11,0) -> 1967474 | V36: =ROUND(U36*19%,0) -> 373820 | W36: =+(T36+V36)*E36 -> 20048565 | X36: =(((((1750905*$D$9+Y36)*47.59%)/13*13)/30*10)+((((1750905*$D$9+Y36)*52.41%)/11*11)/30*10)) -> 5962043.9 | Y36: =+$D$4*3 -> 9391.6667 | Z36: =SUM(X36)*10% -> 596204.39 | AA36: =+X36+Z36 -> 6558248.3 | AB36: =ROUND(AA36*$U$11,0) -> 655825 | AC36: =ROUND(AB36*19%,0) -> 124607 | AD36: =+(AA36+AC36)*E36 -> 6682855.3 | AE36: =+O36+W36+AD36 -> 31409419 | AG36: =+AE36*F36 -> 0 | AH36: =+AE36*G36 -> 31409419 | AI36: =+AE36*H36 -> 0
A37: (Manejador Canino) Servicio de vigilancia física con medio humano, sin arma, con canino, con jornada laboral mes/8 horas diurnas de lunes a viernes sin festivos | B37: Palacio de justicia Los Patios | C37: garita | D37: Los Patios | E37: 1 | G37: 1 | I37: =(((((1750905*$D$9+J37)*47.59%)/13*8)/30*4)+((((1750905*$D$9+J37)*52.41%)/11*0)/30*0)) -> 698421.34 | J37: =+$D$4*3 -> 9391.6667 | K37: =SUM(I37)*11% -> 76826.347 | L37: =+I37+K37 -> 775247.69 | M37: =ROUND(L37*$M$11,0) -> 77525 | N37: =ROUND(M37*19%,0) -> 14730 | O37: =+(L37+N37)*E37 -> 789977.69 | Q37: =(((((1750905*$D$9+R37)*47.59%)/13*8)/30*20)+((((1750905*$D$9+R37)*52.41%)/11*0)/30*0)) -> 3492106.7 | R37: =+$D$4*3 -> 9391.6667 | S37: =SUM(Q37)*11% -> 384131.74 | T37: =+Q37+S37 -> 3876238.4 | U37: =ROUND(T37*$U$11,0) -> 387624 | V37: =ROUND(U37*19%,0) -> 73649 | W37: =+(T37+V37)*E37 -> 3949887.4 | X37: =(((((1750905*$D$9+Y37)*47.59%)/13*8)/30*7)+((((1750905*$D$9+Y37)*52.41%)/11*0)/30*0)) -> 1222237.3 | Y37: =+$D$4*3 -> 9391.6667 | Z37: =SUM(X37)*11% -> 134446.11 | AA37: =+X37+Z37 -> 1356683.5 | AB37: =ROUND(AA37*$U$11,0) -> 135668 | AC37: =ROUND(AB37*19%,0) -> 25777 | AD37: =+(AA37+AC37)*E37 -> 1382460.5 | AE37: =+O37+W37+AD37 -> 6122325.6 | AG37: =+AE37*F37 -> 0 | AH37: =+AE37*G37 -> 6122325.6 | AI37: =+AE37*H37 -> 0
A38: Servicio de vigilancia física con medio humano, SIN arma, sin canino, con jornada laboral mes/8 horas diurnas de lunes a viernes, sin festivos | B38: (Interno) Puesto de control JUZGADO 01 PEQUEÑAS CAUSAS, La libertad. | C38: JUZGADO 01 DE PEQUEÑAS CAUSAS Y COMPETENCIA MULTIPLE. BARRIO LA LIBERTAD,CALLE 16 #12-06 DEL MUNICIPIO DE CUCUTA – NORTE DE SANTANDER, | D38: Cucuta | E38: 1 | G38: 1 | I38: =(((((1750905*$D$9+J38)*47.59%)/13*8)/30*4)+((((1750905*$D$9+J38)*52.41%)/11*0)/30*0)) -> 698421.34 | J38: =+$D$4*3 -> 9391.6667 | K38: =SUM(I38)*8% -> 55873.707 | L38: =+I38+K38 -> 754295.05 | M38: =ROUND(L38*$M$11,0) -> 75430 | N38: =ROUND(M38*19%,0) -> 14332 | O38: =+(L38+N38)*E38 -> 768627.05 | Q38: =(((((1750905*$D$9+R38)*47.59%)/13*8)/30*20)+((((1750905*$D$9+R38)*52.41%)/11*0)/30*0)) -> 3492106.7 | R38: =+$D$4*3 -> 9391.6667 | S38: =SUM(Q38)*8% -> 279368.54 | T38: =+Q38+S38 -> 3771475.2 | U38: =ROUND(T38*$U$11,0) -> 377148 | V38: =ROUND(U38*19%,0) -> 71658 | W38: =+(T38+V38)*E38 -> 3843133.2 | X38: =(((((1750905*$D$9+Y38)*47.59%)/13*8)/30*7)+((((1750905*$D$9+Y38)*52.41%)/11*0)/30*0)) -> 1222237.3 | Y38: =+$D$4*3 -> 9391.6667 | Z38: =SUM(X38)*8% -> 97778.988 | AA38: =+X38+Z38 -> 1320016.3 | AB38: =ROUND(AA38*$U$11,0) -> 132002 | AC38: =ROUND(AB38*19%,0) -> 25080 | AD38: =+(AA38+AC38)*E38 -> 1345096.3 | AE38: =+O38+W38+AD38 -> 5956856.6 | AG38: =+AE38*F38 -> 0 | AH38: =+AE38*G38 -> 5956856.6 | AI38: =+AE38*H38 -> 0
A39: Servicio de vigilancia física con medio humano, SIN arma, sin canino, con jornada laboral mes/8 horas diurnas de lunes a viernes, sin festivos | B39: (Interno) Puesto de control JUZGADO 02 PEQUEÑAS CAUSAS, La libertad. | C39: JUZGADO 02 DE PEQUEÑAS CAUSAS Y COMPETENCIA MULTIPLE. BARRIO LA LIBERTAD, CALLE 15 A # 12-15 DEL MUNICIPIO DE CUCUTA - NORTE DE SANTANDER | D39: Cucuta | E39: 1 | G39: 1 | I39: =(((((1750905*$D$9+J39)*47.59%)/13*8)/30*4)+((((1750905*$D$9+J39)*52.41%)/11*0)/30*0)) -> 698421.34 | J39: =+$D$4*3 -> 9391.6667 | K39: =SUM(I39)*8% -> 55873.707 | L39: =+I39+K39 -> 754295.05 | M39: =ROUND(L39*$M$11,0) -> 75430 | N39: =ROUND(M39*19%,0) -> 14332 | O39: =+(L39+N39)*E39 -> 768627.05 | Q39: =(((((1750905*$D$9+R39)*47.59%)/13*8)/30*20)+((((1750905*$D$9+R39)*52.41%)/11*0)/30*0)) -> 3492106.7 | R39: =+$D$4*3 -> 9391.6667 | S39: =SUM(Q39)*8% -> 279368.54 | T39: =+Q39+S39 -> 3771475.2 | U39: =ROUND(T39*$U$11,0) -> 377148 | V39: =ROUND(U39*19%,0) -> 71658 | W39: =+(T39+V39)*E39 -> 3843133.2 | X39: =(((((1750905*$D$9+Y39)*47.59%)/13*8)/30*7)+((((1750905*$D$9+Y39)*52.41%)/11*0)/30*0)) -> 1222237.3 | Y39: =+$D$4*3 -> 9391.6667 | Z39: =SUM(X39)*8% -> 97778.988 | AA39: =+X39+Z39 -> 1320016.3 | AB39: =ROUND(AA39*$U$11,0) -> 132002 | AC39: =ROUND(AB39*19%,0) -> 25080 | AD39: =+(AA39+AC39)*E39 -> 1345096.3 | AE39: =+O39+W39+AD39 -> 5956856.6 | AG39: =+AE39*F39 -> 0 | AH39: =+AE39*G39 -> 5956856.6 | AI39: =+AE39*H39 -> 0
A40: Servicio de vigilancia física con medio humano, SIN arma, sin canino, con jornada laboral mes/8 horas diurnas de lunes a viernes, sin festivos | B40: (Interno) Puesto de control JUZGADO 03 PEQUEÑAS CAUSAS ATALAYA | C40: JUZGADO 03 DE PEQUEÑAS CAUSAS Y COMPETENCIA MULTIPLE. CALLE 4 BN #18-27 APARTAMENTOS 101, Y 102 MZ G 6 LOTE 11, ATALAYA | D40: Cucuta | E40: 1 | G40: 1 | I40: =(((((1750905*$D$9+J40)*47.59%)/13*8)/30*4)+((((1750905*$D$9+J40)*52.41%)/11*0)/30*0)) -> 698421.34 | J40: =+$D$4*3 -> 9391.6667 | K40: =SUM(I40)*8% -> 55873.707 | L40: =+I40+K40 -> 754295.05 | M40: =ROUND(L40*$M$11,0) -> 75430 | N40: =ROUND(M40*19%,0) -> 14332 | O40: =+(L40+N40)*E40 -> 768627.05 | Q40: =(((((1750905*$D$9+R40)*47.59%)/13*8)/30*20)+((((1750905*$D$9+R40)*52.41%)/11*0)/30*0)) -> 3492106.7 | R40: =+$D$4*3 -> 9391.6667 | S40: =SUM(Q40)*8% -> 279368.54 | T40: =+Q40+S40 -> 3771475.2 | U40: =ROUND(T40*$U$11,0) -> 377148 | V40: =ROUND(U40*19%,0) -> 71658 | W40: =+(T40+V40)*E40 -> 3843133.2 | X40: =(((((1750905*$D$9+Y40)*47.59%)/13*8)/30*7)+((((1750905*$D$9+Y40)*52.41%)/11*0)/30*0)) -> 1222237.3 | Y40: =+$D$4*3 -> 9391.6667 | Z40: =SUM(X40)*8% -> 97778.988 | AA40: =+X40+Z40 -> 1320016.3 | AB40: =ROUND(AA40*$U$11,0) -> 132002 | AC40: =ROUND(AB40*19%,0) -> 25080 | AD40: =+(AA40+AC40)*E40 -> 1345096.3 | AE40: =+O40+W40+AD40 -> 5956856.6 | AG40: =+AE40*F40 -> 0 | AH40: =+AE40*G40 -> 5956856.6 | AI40: =+AE40*H40 -> 0
A41: Servicio de vigilancia física con medio humano, SIN arma, sin canino, con jornada laboral mes/8 horas diurnas de lunes a viernes, sin festivos | B41: (Interno) (FICHERO) Puesto de control Palacio Nacional. | C41: PALACIO NACIONAL. CALLE 8 N° 3-47 OF 307,308,313,314 | D41: Cucuta | E41: 1 | G41: 1 | I41: =(((((1750905*$D$9+J41)*47.59%)/13*8)/30*4)+((((1750905*$D$9+J41)*52.41%)/11*0)/30*0)) -> 698421.34 | J41: =+$D$4*3 -> 9391.6667 | K41: =SUM(I41)*8% -> 55873.707 | L41: =+I41+K41 -> 754295.05 | M41: =ROUND(L41*$M$11,0) -> 75430 | N41: =ROUND(M41*19%,0) -> 14332 | O41: =+(L41+N41)*E41 -> 768627.05 | Q41: =(((((1750905*$D$9+R41)*47.59%)/13*8)/30*20)+((((1750905*$D$9+R41)*52.41%)/11*0)/30*0)) -> 3492106.7 | R41: =+$D$4*3 -> 9391.6667 | S41: =SUM(Q41)*8% -> 279368.54 | T41: =+Q41+S41 -> 3771475.2 | U41: =ROUND(T41*$U$11,0) -> 377148 | V41: =ROUND(U41*19%,0) -> 71658 | W41: =+(T41+V41)*E41 -> 3843133.2 | X41: =(((((1750905*$D$9+Y41)*47.59%)/13*8)/30*7)+((((1750905*$D$9+Y41)*52.41%)/11*0)/30*0)) -> 1222237.3 | Y41: =+$D$4*3 -> 9391.6667 | Z41: =SUM(X41)*8% -> 97778.988 | AA41: =+X41+Z41 -> 1320016.3 | AB41: =ROUND(AA41*$U$11,0) -> 132002 | AC41: =ROUND(AB41*19%,0) -> 25080 | AD41: =+(AA41+AC41)*E41 -> 1345096.3 | AE41: =+O41+W41+AD41 -> 5956856.6 | AG41: =+AE41*F41 -> 0 | AH41: =+AE41*G41 -> 5956856.6 | AI41: =+AE41*H41 -> 0
A42: Servicio de vigilancia física con medio humano, sin arma , sin canino, con jornada laboral mes/8 horas diurnas de lunes a viernes. | B42: (fichero) CESPA CUCUTA. Ubicado ingreso de sede. | C42: CESPA CALLE 13 No 1-48 Barrio la Playa | D42: Cucuta | E42: 1 | G42: 1 | I42: =(((((1750905*$D$9+J42)*47.59%)/13*8)/30*4)+((((1750905*$D$9+J42)*52.41%)/11*0)/30*0)) -> 698421.34 | J42: =+$D$4*3 -> 9391.6667 | K42: =SUM(I42)*8% -> 55873.707 | L42: =+I42+K42 -> 754295.05 | M42: =ROUND(L42*$M$11,0) -> 75430 | N42: =ROUND(M42*19%,0) -> 14332 | O42: =+(L42+N42)*E42 -> 768627.05 | Q42: =(((((1750905*$D$9+R42)*47.59%)/13*8)/30*20)+((((1750905*$D$9+R42)*52.41%)/11*0)/30*0)) -> 3492106.7 | R42: =+$D$4*3 -> 9391.6667 | S42: =SUM(Q42)*8% -> 279368.54 | T42: =+Q42+S42 -> 3771475.2 | U42: =ROUND(T42*$U$11,0) -> 377148 | V42: =ROUND(U42*19%,0) -> 71658 | W42: =+(T42+V42)*E42 -> 3843133.2 | X42: =(((((1750905*$D$9+Y42)*47.59%)/13*8)/30*7)+((((1750905*$D$9+Y42)*52.41%)/11*0)/30*0)) -> 1222237.3 | Y42: =+$D$4*3 -> 9391.6667 | Z42: =SUM(X42)*8% -> 97778.988 | AA42: =+X42+Z42 -> 1320016.3 | AB42: =ROUND(AA42*$U$11,0) -> 132002 | AC42: =ROUND(AB42*19%,0) -> 25080 | AD42: =+(AA42+AC42)*E42 -> 1345096.3 | AE42: =+O42+W42+AD42 -> 5956856.6 | AG42: =+AE42*F42 -> 0 | AH42: =+AE42*G42 -> 5956856.6 | AI42: =+AE42*H42 -> 0
A43: Servicio de vigilancia física con medio humano, con arma, sin canino, con jornada laboral mes/24 horas de domingo a domingo. | B43: (fichero) CESPA CUCUTA. Ubicado ingreso de sede. | C43: CESPA CALLE 13 No 1-48 Barrio la Playa | D43: Cucuta | E43: 1 | G43: 1 | I43: 0 | J43: =+$D$4*3 -> 9391.6667 | K43: =SUM(I43)*10% -> 0 | L43: =+I43+K43 -> 0 | M43: =ROUND(L43*$M$11,0) -> 0 | N43: =ROUND(M43*19%,0) -> 0 | O43: =+(L43+N43)*E43 -> 0 | Q43: 0 | R43: =+$D$4*3 -> 9391.6667 | S43: =SUM(Q43)*10% -> 0 | T43: =+Q43+S43 -> 0 | U43: =ROUND(T43*$U$11,0) -> 0 | V43: =ROUND(U43*19%,0) -> 0 | W43: =+(T43+V43)*E43 -> 0 | X43: 0 | Y43: =+$D$4*3 -> 9391.6667 | Z43: =SUM(X43)*10% -> 0 | AA43: =+X43+Z43 -> 0 | AB43: =ROUND(AA43*$U$11,0) -> 0 | AC43: =ROUND(AB43*19%,0) -> 0 | AD43: =+(AA43+AC43)*E43 -> 0 | AE43: =+O43+W43+AD43 -> 0 | AG43: =+AE43*F43 -> 0 | AH43: =+AE43*G43 -> 0 | AI43: =+AE43*H43 -> 0
A44: Servicio de vigilancia física con medio humano, con arma, sin canino, con jornada laboral mes/12 horas diurnas de domingo a domingo. | B44: (Interno) (FICHERO) cumple labores vigilancia Puestos de control Palacio de Justicia de Pamplona - Calle 4 No. 6-59 Pamplona, N de S. | C44: Palacio de Justicia - Alvaro Luna Gomez CARRERA 7 N° 6 - 59 | D44: Pamplona | E44: 1 | F44: 0.04 | G44: 0.96 | I44: =(((((1750905*$D$9+J44)*47.59%)/13*12)/30*7)+((((1750905*$D$9+J44)*52.41%)/11*0)/30*0)) -> 1833356 | J44: =+$D$4*3 -> 9391.6667 | K44: =SUM(I44)*10% -> 183335.6 | L44: =+I44+K44 -> 2016691.6 | M44: =ROUND(L44*$M$11,0) -> 201669 | N44: =ROUND(M44*19%,0) -> 38317 | O44: =+(L44+N44)*E44 -> 2055008.6 | Q44: =(((((1750905*$D$9+R44)*47.59%)/13*12)/30*30)+((((1750905*$D$9+R44)*52.41%)/11*0)/30*0)) -> 7857240.1 | R44: =+$D$4*3 -> 9391.6667 | S44: =SUM(Q44)*10% -> 785724.01 | T44: =+Q44+S44 -> 8642964.1 | U44: =ROUND(T44*$U$11,0) -> 864296 | V44: =ROUND(U44*19%,0) -> 164216 | W44: =+(T44+V44)*E44 -> 8807180.1 | X44: =(((((1750905*$D$9+Y44)*47.59%)/13*12)/30*10)+((((1750905*$D$9+Y44)*52.41%)/11*0)/30*0)) -> 2619080 | Y44: =+$D$4*3 -> 9391.6667 | Z44: =SUM(X44)*10% -> 261908 | AA44: =+X44+Z44 -> 2880988 | AB44: =ROUND(AA44*$U$11,0) -> 288099 | AC44: =ROUND(AB44*19%,0) -> 54739 | AD44: =+(AA44+AC44)*E44 -> 2935727 | AE44: =+O44+W44+AD44 -> 13797916 | AG44: =+AE44*F44 -> 551916.63 | AH44: =+AE44*G44 -> 13245999 | AI44: =+AE44*H44 -> 0
A45: Servicio de vigilancia física con medio humano, con arma, sin canino, con jornada laboral mes/24 horas de domingo a domingo. | B45: (Interno) Puestos de control Placio de Justicia de Pamplona - Calle 4 No. 6-59 Pamplona, N de S. | C45: Palacio de Justicia - Alvaro Luna Gomez CARRERA 7 N° 6 - 59 | D45: Pamplona | E45: 1 | F45: 0.04 | G45: 0.96 | I45: =(((((1750905*$D$9+J45)*47.59%)/13*13)/30*7)+((((1750905*$D$9+J45)*52.41%)/11*11)/30*7)) -> 4173430.7 | J45: =+$D$4*3 -> 9391.6667 | K45: =SUM(I45)*10% -> 417343.07 | L45: =+I45+K45 -> 4590773.8 | M45: =ROUND(L45*$M$11,0) -> 459077 | N45: =ROUND(M45*19%,0) -> 87225 | O45: =+(L45+N45)*E45 -> 4677998.8 | Q45: =(((((1750905*$D$9+R45)*47.59%)/13*13)/30*30)+((((1750905*$D$9+R45)*52.41%)/11*11)/30*30)) -> 17886132 | R45: =+$D$4*3 -> 9391.6667 | S45: =SUM(Q45)*10% -> 1788613.2 | T45: =+Q45+S45 -> 19674745 | U45: =ROUND(T45*$U$11,0) -> 1967474 | V45: =ROUND(U45*19%,0) -> 373820 | W45: =+(T45+V45)*E45 -> 20048565 | X45: =(((((1750905*$D$9+Y45)*47.59%)/13*13)/30*10)+((((1750905*$D$9+Y45)*52.41%)/11*11)/30*10)) -> 5962043.9 | Y45: =+$D$4*3 -> 9391.6667 | Z45: =SUM(X45)*10% -> 596204.39 | AA45: =+X45+Z45 -> 6558248.3 | AB45: =ROUND(AA45*$U$11,0) -> 655825 | AC45: =ROUND(AB45*19%,0) -> 124607 | AD45: =+(AA45+AC45)*E45 -> 6682855.3 | AE45: =+O45+W45+AD45 -> 31409419 | AG45: =+AE45*F45 -> 1256376.8 | AH45: =+AE45*G45 -> 30153042 | AI45: =+AE45*H45 -> 0
A46: Servicio de vigilancia física con medio humano, con arma, sin canino, con jornada laboral mes/24 horas de domingo a domingo. | B46: Edificio cootransunidos Puesto de control Palacio de Justicia de Ocaña - Carrera 12 No. 12-87 Ocaña N. de S. | C46: CARRERA 13 # 12-87 BARRIO EL TAMACO MUNICIPIO DE OCAÑA | D46: Ocaña | E46: 1 | F46: 0.05 | G46: 0.95 | I46: =(((((1750905*$D$9+J46)*47.59%)/13*13)/30*7)+((((1750905*$D$9+J46)*52.41%)/11*11)/30*7)) -> 4173430.7 | J46: =+$D$4*3 -> 9391.6667 | K46: =SUM(I46)*10% -> 417343.07 | L46: =+I46+K46 -> 4590773.8 | M46: =ROUND(L46*$M$11,0) -> 459077 | N46: =ROUND(M46*19%,0) -> 87225 | O46: =+(L46+N46)*E46 -> 4677998.8 | Q46: =(((((1750905*$D$9+R46)*47.59%)/13*13)/30*30)+((((1750905*$D$9+R46)*52.41%)/11*11)/30*30)) -> 17886132 | R46: =+$D$4*3 -> 9391.6667 | S46: =SUM(Q46)*10% -> 1788613.2 | T46: =+Q46+S46 -> 19674745 | U46: =ROUND(T46*$U$11,0) -> 1967474 | V46: =ROUND(U46*19%,0) -> 373820 | W46: =+(T46+V46)*E46 -> 20048565 | X46: =(((((1750905*$D$9+Y46)*47.59%)/13*13)/30*10)+((((1750905*$D$9+Y46)*52.41%)/11*11)/30*10)) -> 5962043.9 | Y46: =+$D$4*3 -> 9391.6667 | Z46: =SUM(X46)*10% -> 596204.39 | AA46: =+X46+Z46 -> 6558248.3 | AB46: =ROUND(AA46*$U$11,0) -> 655825 | AC46: =ROUND(AB46*19%,0) -> 124607 | AD46: =+(AA46+AC46)*E46 -> 6682855.3 | AE46: =+O46+W46+AD46 -> 31409419 | AG46: =+AE46*F46 -> 1570470.9 | AH46: =+AE46*G46 -> 29838948 | AI46: =+AE46*H46 -> 0
A47: Servicio de vigilancia física con medio humano, con arma, sin canino, con jornada laboral mes/12 horas de domingo a domingo. | B47: Edificio bahene 2 piso apt 201, 2 familia Carrera 13 No. 11-44 Ocaña N. de S. | C47: CARRERA 13 #11-44 EDIFICIO BAHENE APTO 1 PISO, DEL MUNICIPIO DE OCAÑA – NORTE DE SANTANDER, | D47: Ocaña | E47: 1 | G47: 1 | I47: =(((((1750905*$D$9+J47)*47.59%)/13*12)/30*7)+((((1750905*$D$9+J47)*52.41%)/11*0)/30*0)) -> 1833356 | J47: =+$D$4*3 -> 9391.6667 | K47: =SUM(I47)*10% -> 183335.6 | L47: =+I47+K47 -> 2016691.6 | M47: =ROUND(L47*$M$11,0) -> 201669 | N47: =ROUND(M47*19%,0) -> 38317 | O47: =+(L47+N47)*E47 -> 2055008.6 | Q47: =(((((1750905*$D$9+R47)*47.59%)/13*12)/30*30)+((((1750905*$D$9+R47)*52.41%)/11*0)/30*0)) -> 7857240.1 | R47: =+$D$4*3 -> 9391.6667 | S47: =SUM(Q47)*10% -> 785724.01 | T47: =+Q47+S47 -> 8642964.1 | U47: =ROUND(T47*$U$11,0) -> 864296 | V47: =ROUND(U47*19%,0) -> 164216 | W47: =+(T47+V47)*E47 -> 8807180.1 | X47: =(((((1750905*$D$9+Y47)*47.59%)/13*12)/30*10)+((((1750905*$D$9+Y47)*52.41%)/11*0)/30*0)) -> 2619080 | Y47: =+$D$4*3 -> 9391.6667 | Z47: =SUM(X47)*10% -> 261908 | AA47: =+X47+Z47 -> 2880988 | AB47: =ROUND(AA47*$U$11,0) -> 288099 | AC47: =ROUND(AB47*19%,0) -> 54739 | AD47: =+(AA47+AC47)*E47 -> 2935727 | AE47: =+O47+W47+AD47 -> 13797916 | AG47: =+AE47*F47 -> 0 | AH47: =+AE47*G47 -> 13797916 | AI47: =+AE47*H47 -> 0
A48: Servicio de vigilancia física con medio humano, sin arma, sin canino, con jornada laboral mes/12 horas Diurnas de lunes a sabado. | B48: (FICHERO) Edificio cootransunidos Puesto de control Palacio de Justicia de Ocaña - Carrera 12 No. 12-87 Ocaña N. de S. | C48: CARRERA 13 # 12-87 BARRIO EL TAMACO MUNICIPIO DE OCAÑA | D48: Ocaña | E48: 1 | F48: 0.05 | G48: 0.95 | I48: =(((((1750905*$D$9+J48)*47.59%)/13*12)/30*5)+((((1750905*$D$9+J48)*52.41%)/11*0)/30*0)) -> 1309540 | J48: =+$D$4*3 -> 9391.6667 | K48: =SUM(I48)*8% -> 104763.2 | L48: =+I48+K48 -> 1414303.2 | M48: =ROUND(L48*$M$11,0) -> 141430 | N48: =ROUND(M48*19%,0) -> 26872 | O48: =+(L48+N48)*E48 -> 1441175.2 | Q48: =(((((1750905*$D$9+R48)*47.59%)/13*12)/30*24)+((((1750905*$D$9+R48)*52.41%)/11*0)/30*0)) -> 6285792.1 | R48: =+$D$4*3 -> 9391.6667 | S48: =SUM(Q48)*8% -> 502863.36 | T48: =+Q48+S48 -> 6788655.4 | U48: =ROUND(T48*$U$11,0) -> 678866 | V48: =ROUND(U48*19%,0) -> 128985 | W48: =+(T48+V48)*E48 -> 6917640.4 | X48: =(((((1750905*$D$9+Y48)*47.59%)/13*12)/30*8)+((((1750905*$D$9+Y48)*52.41%)/11*0)/30*0)) -> 2095264 | Y48: =+$D$4*3 -> 9391.6667 | Z48: =SUM(X48)*8% -> 167621.12 | AA48: =+X48+Z48 -> 2262885.1 | AB48: =ROUND(AA48*$U$11,0) -> 226289 | AC48: =ROUND(AB48*19%,0) -> 42995 | AD48: =+(AA48+AC48)*E48 -> 2305880.1 | AE48: =+O48+W48+AD48 -> 10664696 | AG48: =+AE48*F48 -> 533234.79 | AH48: =+AE48*G48 -> 10131461 | AI48: =+AE48*H48 -> 0
A49: Servicio de vigilancia física con medio humano, con arma, sin canino, con jornada laboral mes/12 horas de domingo a domingo. | B49: Cra 11 No 11-58 junto iglesia torcoroma. Juzgado ejecucion de penas y medidas y juzgado administrativo | C49: CARRERA 11 # 11-54 PISO 2 EDIFICIO CASTELLANOS LEMUS CONTIGUO A LA CAPILLA DE LA TORCOROMA | D49: Ocaña | E49: 1 | G49: 1 | I49: =(((((1750905*$D$9+J49)*47.59%)/13*12)/30*7)+((((1750905*$D$9+J49)*52.41%)/11*0)/30*0)) -> 1833356 | J49: =+$D$4*3 -> 9391.6667 | K49: =SUM(I49)*10% -> 183335.6 | L49: =+I49+K49 -> 2016691.6 | M49: =ROUND(L49*$M$11,0) -> 201669 | N49: =ROUND(M49*19%,0) -> 38317 | O49: =+(L49+N49)*E49 -> 2055008.6 | Q49: =(((((1750905*$D$9+R49)*47.59%)/13*12)/30*30)+((((1750905*$D$9+R49)*52.41%)/11*0)/30*0)) -> 7857240.1 | R49: =+$D$4*3 -> 9391.6667 | S49: =SUM(Q49)*10% -> 785724.01 | T49: =+Q49+S49 -> 8642964.1 | U49: =ROUND(T49*$U$11,0) -> 864296 | V49: =ROUND(U49*19%,0) -> 164216 | W49: =+(T49+V49)*E49 -> 8807180.1 | X49: =(((((1750905*$D$9+Y49)*47.59%)/13*12)/30*10)+((((1750905*$D$9+Y49)*52.41%)/11*0)/30*0)) -> 2619080 | Y49: =+$D$4*3 -> 9391.6667 | Z49: =SUM(X49)*10% -> 261908 | AA49: =+X49+Z49 -> 2880988 | AB49: =ROUND(AA49*$U$11,0) -> 288099 | AC49: =ROUND(AB49*19%,0) -> 54739 | AD49: =+(AA49+AC49)*E49 -> 2935727 | AE49: =+O49+W49+AD49 -> 13797916 | AG49: =+AE49*F49 -> 0 | AH49: =+AE49*G49 -> 13797916 | AI49: =+AE49*H49 -> 0
A50: Servicio de vigilancia física con medio humano, con arma, sin canino, con jornada laboral mes/12 horas diurnas de lunes a viernes, sin festivos | B50: SEDE JUZGADO 02 ADMINISTRATIVO Y EJECUCION DE PENAS DE PENAS DE OCAÑA | C50: Carrera 13 # 12-107 Barrio Tamaco | D50: Ocaña | E50: 1 | G50: 1 | I50: =(((((1750905*$D$9+J50)*47.59%)/13*12)/30*4)+((((1750905*$D$9+J50)*52.41%)/11*0)/30*0)) -> 1047632 | J50: =+$D$4*3 -> 9391.6667 | K50: =SUM(I50)*10% -> 104763.2 | L50: =+I50+K50 -> 1152395.2 | M50: =ROUND(L50*$M$11,0) -> 115240 | N50: =ROUND(M50*19%,0) -> 21896 | O50: =+(L50+N50)*E50 -> 1174291.2 | Q50: =(((((1750905*$D$9+R50)*47.59%)/13*12)/30*20)+((((1750905*$D$9+R50)*52.41%)/11*0)/30*0)) -> 5238160.1 | R50: =+$D$4*3 -> 9391.6667 | S50: =SUM(Q50)*10% -> 523816.01 | T50: =+Q50+S50 -> 5761976.1 | U50: =ROUND(T50*$U$11,0) -> 576198 | V50: =ROUND(U50*19%,0) -> 109478 | W50: =+(T50+V50)*E50 -> 5871454.1 | X50: =(((((1750905*$D$9+Y50)*47.59%)/13*12)/30*7)+((((1750905*$D$9+Y50)*52.41%)/11*0)/30*0)) -> 1833356 | Y50: =+$D$4*3 -> 9391.6667 | Z50: =SUM(X50)*10% -> 183335.6 | AA50: =+X50+Z50 -> 2016691.6 | AB50: =ROUND(AA50*$U$11,0) -> 201669 | AC50: =ROUND(AB50*19%,0) -> 38317 | AD50: =+(AA50+AC50)*E50 -> 2055008.6 | AE50: =+O50+W50+AD50 -> 9100753.9 | AG50: =+AE50*F50 -> 0 | AH50: =+AE50*G50 -> 9100753.9 | AI50: =+AE50*H50 -> 0
A51: Servicio de vigilancia física con medio humano, con arma, sin canino, con jornada laboral mes/12 horas diurnas de lunes a viernes, sin festivos | B51: SEDE JUZGADO 01, 03 Y 04 PENAL DEL CIRCUITO DE OCAÑA | C51: Carrera 13 # 12-52 Barrio Tamaco | D51: Ocaña | E51: 1 | G51: 1 | I51: =(((((1750905*$D$9+J51)*47.59%)/13*12)/30*4)+((((1750905*$D$9+J51)*52.41%)/11*0)/30*0)) -> 1047632 | J51: =+$D$4*3 -> 9391.6667 | K51: =SUM(I51)*10% -> 104763.2 | L51: =+I51+K51 -> 1152395.2 | M51: =ROUND(L51*$M$11,0) -> 115240 | N51: =ROUND(M51*19%,0) -> 21896 | O51: =+(L51+N51)*E51 -> 1174291.2 | Q51: =(((((1750905*$D$9+R51)*47.59%)/13*12)/30*20)+((((1750905*$D$9+R51)*52.41%)/11*0)/30*0)) -> 5238160.1 | R51: =+$D$4*3 -> 9391.6667 | S51: =SUM(Q51)*10% -> 523816.01 | T51: =+Q51+S51 -> 5761976.1 | U51: =ROUND(T51*$U$11,0) -> 576198 | V51: =ROUND(U51*19%,0) -> 109478 | W51: =+(T51+V51)*E51 -> 5871454.1 | X51: =(((((1750905*$D$9+Y51)*47.59%)/13*12)/30*7)+((((1750905*$D$9+Y51)*52.41%)/11*0)/30*0)) -> 1833356 | Y51: =+$D$4*3 -> 9391.6667 | Z51: =SUM(X51)*10% -> 183335.6 | AA51: =+X51+Z51 -> 2016691.6 | AB51: =ROUND(AA51*$U$11,0) -> 201669 | AC51: =ROUND(AB51*19%,0) -> 38317 | AD51: =+(AA51+AC51)*E51 -> 2055008.6 | AE51: =+O51+W51+AD51 -> 9100753.9 | AG51: =+AE51*F51 -> 0 | AH51: =+AE51*G51 -> 9100753.9 | AI51: =+AE51*H51 -> 0
A52: Servicio de vigilancia física con medio humano, SIN arma, sin canino, con jornada laboral mes/8 horas de lunes a viernes. | B52: Puesto de control Juzgado de González - Barrio Palomar González Cesar. | C52: CARRERA 6 # 2-128 BARRIO EL PALOMAR DEL MUNICIPIO DE GONZALEZ CESAR | D52: Gonzales Cesar | E52: 1 | G52: 1 | I52: =(((((1750905*$D$9+J52)*47.59%)/13*8)/30*4)+((((1750905*$D$9+J52)*52.41%)/11*0)/30*0)) -> 698421.34 | J52: =+$D$4*3 -> 9391.6667 | K52: =SUM(I52)*8% -> 55873.707 | L52: =+I52+K52 -> 754295.05 | M52: =ROUND(L52*$M$11,0) -> 75430 | N52: =ROUND(M52*19%,0) -> 14332 | O52: =+(L52+N52)*E52 -> 768627.05 | Q52: =(((((1750905*$D$9+R52)*47.59%)/13*8)/30*20)+((((1750905*$D$9+R52)*52.41%)/11*0)/30*0)) -> 3492106.7 | R52: =+$D$4*3 -> 9391.6667 | S52: =SUM(Q52)*8% -> 279368.54 | T52: =+Q52+S52 -> 3771475.2 | U52: =ROUND(T52*$U$11,0) -> 377148 | V52: =ROUND(U52*19%,0) -> 71658 | W52: =+(T52+V52)*E52 -> 3843133.2 | X52: =(((((1750905*$D$9+Y52)*47.59%)/13*8)/30*7)+((((1750905*$D$9+Y52)*52.41%)/11*0)/30*0)) -> 1222237.3 | Y52: =+$D$4*3 -> 9391.6667 | Z52: =SUM(X52)*8% -> 97778.988 | AA52: =+X52+Z52 -> 1320016.3 | AB52: =ROUND(AA52*$U$11,0) -> 132002 | AC52: =ROUND(AB52*19%,0) -> 25080 | AD52: =+(AA52+AC52)*E52 -> 1345096.3 | AE52: =+O52+W52+AD52 -> 5956856.6 | AG52: =+AE52*F52 -> 0 | AH52: =+AE52*G52 -> 5956856.6 | AI52: =+AE52*H52 -> 0
A53: Servicio de vigilancia física con medio humano, SIN arma, sin canino, con jornada laboral mes/8 horas de lunes a viernes. | B53: Puesto de control Hacarí N. de S. | C53: HACARÍ Calle de piedad Palacio Municipal | D53: Hacarí | E53: 1 | G53: 1 | I53: =(((((1750905*$D$9+J53)*47.59%)/13*8)/30*4)+((((1750905*$D$9+J53)*52.41%)/11*0)/30*0)) -> 698421.34 | J53: =+$D$4*3 -> 9391.6667 | K53: =SUM(I53)*8% -> 55873.707 | L53: =+I53+K53 -> 754295.05 | M53: =ROUND(L53*$M$11,0) -> 75430 | N53: =ROUND(M53*19%,0) -> 14332 | O53: =+(L53+N53)*E53 -> 768627.05 | Q53: =(((((1750905*$D$9+R53)*47.59%)/13*8)/30*20)+((((1750905*$D$9+R53)*52.41%)/11*0)/30*0)) -> 3492106.7 | R53: =+$D$4*3 -> 9391.6667 | S53: =SUM(Q53)*8% -> 279368.54 | T53: =+Q53+S53 -> 3771475.2 | U53: =ROUND(T53*$U$11,0) -> 377148 | V53: =ROUND(U53*19%,0) -> 71658 | W53: =+(T53+V53)*E53 -> 3843133.2 | X53: =(((((1750905*$D$9+Y53)*47.59%)/13*8)/30*7)+((((1750905*$D$9+Y53)*52.41%)/11*0)/30*0)) -> 1222237.3 | Y53: =+$D$4*3 -> 9391.6667 | Z53: =SUM(X53)*8% -> 97778.988 | AA53: =+X53+Z53 -> 1320016.3 | AB53: =ROUND(AA53*$U$11,0) -> 132002 | AC53: =ROUND(AB53*19%,0) -> 25080 | AD53: =+(AA53+AC53)*E53 -> 1345096.3 | AE53: =+O53+W53+AD53 -> 5956856.6 | AG53: =+AE53*F53 -> 0 | AH53: =+AE53*G53 -> 5956856.6 | AI53: =+AE53*H53 -> 0
A54: Servicio de vigilancia física con medio humano, SIN arma, sin canino, con jornada laboral mes/24 horas de domingo a domingo. | B54: Puesto de control, Juzgado promiscuo Municipal de San Calixto (N. de S.) | C54: SAN CALIXTO. AVENIDA 13 DE JUNIO EN SAN CALIXTO NORTE DE SANTANDER | D54: San Calixto | E54: 1 | G54: 1 | I54: =(((((1750905*$D$9+J54)*47.59%)/13*13)/30*7)+((((1750905*$D$9+J54)*52.41%)/11*11)/30*7)) -> 4173430.7 | J54: =+$D$4*3 -> 9391.6667 | K54: =SUM(I54)*8% -> 333874.46 | L54: =+I54+K54 -> 4507305.2 | M54: =ROUND(L54*$M$11,0) -> 450731 | N54: =ROUND(M54*19%,0) -> 85639 | O54: =+(L54+N54)*E54 -> 4592944.2 | Q54: =(((((1750905*$D$9+R54)*47.59%)/13*13)/30*30)+((((1750905*$D$9+R54)*52.41%)/11*11)/30*30)) -> 17886132 | R54: =+$D$4*3 -> 9391.6667 | S54: =SUM(Q54)*8% -> 1430890.5 | T54: =+Q54+S54 -> 19317022 | U54: =ROUND(T54*$U$11,0) -> 1931702 | V54: =ROUND(U54*19%,0) -> 367023 | W54: =+(T54+V54)*E54 -> 19684045 | X54: =(((((1750905*$D$9+Y54)*47.59%)/13*13)/30*10)+((((1750905*$D$9+Y54)*52.41%)/11*11)/30*10)) -> 5962043.9 | Y54: =+$D$4*3 -> 9391.6667 | Z54: =SUM(X54)*8% -> 476963.51 | AA54: =+X54+Z54 -> 6439007.4 | AB54: =ROUND(AA54*$U$11,0) -> 643901 | AC54: =ROUND(AB54*19%,0) -> 122341 | AD54: =+(AA54+AC54)*E54 -> 6561348.4 | AE54: =+O54+W54+AD54 -> 30838338 | AG54: =+AE54*F54 -> 0 | AH54: =+AE54*G54 -> 30838338 | AI54: =+AE54*H54 -> 0
A55: Servicio de vigilancia física con medio humano, SIN arma, sin canino, con jornada laboral mes/12 horas de domingo a domingo. | B55: Puesto de control Juzgados Promiscuo Municipal de El Tarra (N. de S.) Edificio Coomultar Limitada, ubicado en la calle4 15 No. 7-17 El Tarra. | C55: EL TARRA. LA CALLE 15 #7-17-19-27-35, BARRIO PUEBLO NUEVO, DEL MUNICIPIO DE TARRA– NORTE DE SANTANDER, | D55: El tarra | E55: 1 | G55: 1 | I55: =(((((1750905*$D$9+J55)*47.59%)/13*12)/30*7)+((((1750905*$D$9+J55)*52.41%)/11*0)/30*0)) -> 1833356 | J55: =+$D$4*3 -> 9391.6667 | K55: =SUM(I55)*8% -> 146668.48 | L55: =+I55+K55 -> 1980024.5 | M55: =ROUND(L55*$M$11,0) -> 198002 | N55: =ROUND(M55*19%,0) -> 37620 | O55: =+(L55+N55)*E55 -> 2017644.5 | Q55: =(((((1750905*$D$9+R55)*47.59%)/13*12)/30*30)+((((1750905*$D$9+R55)*52.41%)/11*0)/30*0)) -> 7857240.1 | R55: =+$D$4*3 -> 9391.6667 | S55: =SUM(Q55)*8% -> 628579.21 | T55: =+Q55+S55 -> 8485819.3 | U55: =ROUND(T55*$U$11,0) -> 848582 | V55: =ROUND(U55*19%,0) -> 161231 | W55: =+(T55+V55)*E55 -> 8647050.3 | X55: =(((((1750905*$D$9+Y55)*47.59%)/13*12)/30*10)+((((1750905*$D$9+Y55)*52.41%)/11*0)/30*0)) -> 2619080 | Y55: =+$D$4*3 -> 9391.6667 | Z55: =SUM(X55)*8% -> 209526.4 | AA55: =+X55+Z55 -> 2828606.4 | AB55: =ROUND(AA55*$U$11,0) -> 282861 | AC55: =ROUND(AB55*19%,0) -> 53744 | AD55: =+(AA55+AC55)*E55 -> 2882350.4 | AE55: =+O55+W55+AD55 -> 13547045 | AG55: =+AE55*F55 -> 0 | AH55: =+AE55*G55 -> 13547045 | AI55: =+AE55*H55 -> 0
A56: Servicio de vigilancia física con medio humano, sin arma, sin canino, con jornada laboral mes/12 horas nocturnas de lunes a domingo. | B56: Puesto de control Juzgado de Tibú - Carrera 3 No. 4-40 Tibú N. de S. | C56: TIBÚ. CARRERA 3 N° 4A - 46/50/56 N, DE SANTANDER | D56: Tibú | E56: 1 | G56: 1 | I56: =(((((1750905*$D$9+J56)*47.59%)/13*1)/30*7)+((((1750905*$D$9+J56)*52.41%)/11*11)/30*7)) -> 2340074.7 | J56: =+$D$4*3 -> 9391.6667 | K56: =SUM(I56)*8% -> 187205.98 | L56: =+I56+K56 -> 2527280.7 | M56: =ROUND(L56*$M$11,0) -> 252728 | N56: =ROUND(M56*19%,0) -> 48018 | O56: =+(L56+N56)*E56 -> 2575298.7 | Q56: =(((((1750905*$D$9+R56)*47.59%)/13*1)/30*30)+((((1750905*$D$9+R56)*52.41%)/11*11)/30*30)) -> 10028892 | R56: =+$D$4*3 -> 9391.6667 | S56: =SUM(Q56)*8% -> 802311.33 | T56: =+Q56+S56 -> 10831203 | U56: =ROUND(T56*$U$11,0) -> 1083120 | V56: =ROUND(U56*19%,0) -> 205793 | W56: =+(T56+V56)*E56 -> 11036996 | X56: =(((((1750905*$D$9+Y56)*47.59%)/13*1)/30*10)+((((1750905*$D$9+Y56)*52.41%)/11*11)/30*10)) -> 3342963.9 | Y56: =+$D$4*3 -> 9391.6667 | Z56: =SUM(X56)*8% -> 267437.11 | AA56: =+X56+Z56 -> 3610401 | AB56: =ROUND(AA56*$U$11,0) -> 361040 | AC56: =ROUND(AB56*19%,0) -> 68598 | AD56: =+(AA56+AC56)*E56 -> 3678999 | AE56: =+O56+W56+AD56 -> 17291294 | AG56: =+AE56*F56 -> 0 | AH56: =+AE56*G56 -> 17291294 | AI56: =+AE56*H56 -> 0
A57: SERVICIO DE VIGILANCIA A TRAVÉS DE MEDIO HUMANO SIN ARMA DURANTE JORNADA DE 8 HORAS DIURNAS DE LUNES A VIERNES SIN FESTIVOS | B57: PUESTO DE VIGILANCIA PARA EL JUZGADO DE EL CARMEN | D57: EL CARMEN | E57: 1 | G57: 1 | I57: =(((((1750905*$D$9+J57)*47.59%)/13*8)/30*4)+((((1750905*$D$9+J57)*52.41%)/11*0)/30*0)) -> 698421.34 | J57: =+$D$4*3 -> 9391.6667 | K57: =SUM(I57)*8% -> 55873.707 | L57: =+I57+K57 -> 754295.05 | M57: =ROUND(L57*$M$11,0) -> 75430 | N57: =ROUND(M57*19%,0) -> 14332 | O57: =+(L57+N57)*E57 -> 768627.05 | Q57: =(((((1750905*$D$9+R57)*47.59%)/13*8)/30*20)+((((1750905*$D$9+R57)*52.41%)/11*0)/30*0)) -> 3492106.7 | R57: =+$D$4*3 -> 9391.6667 | S57: =SUM(Q57)*8% -> 279368.54 | T57: =+Q57+S57 -> 3771475.2 | U57: =ROUND(T57*$U$11,0) -> 377148 | V57: =ROUND(U57*19%,0) -> 71658 | W57: =+(T57+V57)*E57 -> 3843133.2 | X57: =(((((1750905*$D$9+Y57)*47.59%)/13*8)/30*7)+((((1750905*$D$9+Y57)*52.41%)/11*0)/30*0)) -> 1222237.3 | Y57: =+$D$4*3 -> 9391.6667 | Z57: =SUM(X57)*8% -> 97778.988 | AA57: =+X57+Z57 -> 1320016.3 | AB57: =ROUND(AA57*$U$11,0) -> 132002 | AC57: =ROUND(AB57*19%,0) -> 25080 | AD57: =+(AA57+AC57)*E57 -> 1345096.3 | AE57: =+O57+W57+AD57 -> 5956856.6 | AG57: =+AE57*F57 -> 0 | AH57: =+AE57*G57 -> 5956856.6 | AI57: =+AE57*H57 -> 0
A58: SERVICIO DE VIGILANCIA A TRAVÉS DE MEDIO HUMANO SIN ARMA DURANTE JORNADA DE 8 HORAS DIURNAS DE LUNES A VIERNES SIN FESTIVOS | B58: PUESTO DE VIGILANCIA PARA EL JUZGADO DE ABREGO | D58: ABREGO | E58: 1 | G58: 1 | I58: =(((((1750905*$D$9+J58)*47.59%)/13*8)/30*4)+((((1750905*$D$9+J58)*52.41%)/11*0)/30*0)) -> 698421.34 | J58: =+$D$4*3 -> 9391.6667 | K58: =SUM(I58)*8% -> 55873.707 | L58: =+I58+K58 -> 754295.05 | M58: =ROUND(L58*$M$11,0) -> 75430 | N58: =ROUND(M58*19%,0) -> 14332 | O58: =+(L58+N58)*E58 -> 768627.05 | Q58: =(((((1750905*$D$9+R58)*47.59%)/13*8)/30*20)+((((1750905*$D$9+R58)*52.41%)/11*0)/30*0)) -> 3492106.7 | R58: =+$D$4*3 -> 9391.6667 | S58: =SUM(Q58)*8% -> 279368.54 | T58: =+Q58+S58 -> 3771475.2 | U58: =ROUND(T58*$U$11,0) -> 377148 | V58: =ROUND(U58*19%,0) -> 71658 | W58: =+(T58+V58)*E58 -> 3843133.2 | X58: =(((((1750905*$D$9+Y58)*47.59%)/13*8)/30*7)+((((1750905*$D$9+Y58)*52.41%)/11*0)/30*0)) -> 1222237.3 | Y58: =+$D$4*3 -> 9391.6667 | Z58: =SUM(X58)*8% -> 97778.988 | AA58: =+X58+Z58 -> 1320016.3 | AB58: =ROUND(AA58*$U$11,0) -> 132002 | AC58: =ROUND(AB58*19%,0) -> 25080 | AD58: =+(AA58+AC58)*E58 -> 1345096.3 | AE58: =+O58+W58+AD58 -> 5956856.6 | AG58: =+AE58*F58 -> 0 | AH58: =+AE58*G58 -> 5956856.6 | AI58: =+AE58*H58 -> 0
A59: SERVICIO DE VIGILANCIA A TRAVÉS DE MEDIO HUMANO SIN ARMA DURANTE JORNADA DE 8 HORAS DIURNAS DE LUNES A VIERNES SIN FESTIVOS | B59: PUESTO DE VIGILANCIA PARA EL JUZGADO DE RIO DE ORO | D59: RIO DE ORO | E59: 1 | G59: 1 | I59: =(((((1750905*$D$9+J59)*47.59%)/13*8)/30*4)+((((1750905*$D$9+J59)*52.41%)/11*0)/30*0)) -> 698421.34 | J59: =+$D$4*3 -> 9391.6667 | K59: =SUM(I59)*8% -> 55873.707 | L59: =+I59+K59 -> 754295.05 | M59: =ROUND(L59*$M$11,0) -> 75430 | N59: =ROUND(M59*19%,0) -> 14332 | O59: =+(L59+N59)*E59 -> 768627.05 | Q59: =(((((1750905*$D$9+R59)*47.59%)/13*8)/30*20)+((((1750905*$D$9+R59)*52.41%)/11*0)/30*0)) -> 3492106.7 | R59: =+$D$4*3 -> 9391.6667 | S59: =SUM(Q59)*8% -> 279368.54 | T59: =+Q59+S59 -> 3771475.2 | U59: =ROUND(T59*$U$11,0) -> 377148 | V59: =ROUND(U59*19%,0) -> 71658 | W59: =+(T59+V59)*E59 -> 3843133.2 | X59: =(((((1750905*$D$9+Y59)*47.59%)/13*8)/30*7)+((((1750905*$D$9+Y59)*52.41%)/11*0)/30*0)) -> 1222237.3 | Y59: =+$D$4*3 -> 9391.6667 | Z59: =SUM(X59)*8% -> 97778.988 | AA59: =+X59+Z59 -> 1320016.3 | AB59: =ROUND(AA59*$U$11,0) -> 132002 | AC59: =ROUND(AB59*19%,0) -> 25080 | AD59: =+(AA59+AC59)*E59 -> 1345096.3 | AE59: =+O59+W59+AD59 -> 5956856.6 | AG59: =+AE59*F59 -> 0 | AH59: =+AE59*G59 -> 5956856.6 | AI59: =+AE59*H59 -> 0
A60: SERVICIO DE VIGILANCIA A TRAVÉS DE MEDIO HUMANO SIN ARMA DURANTE JORNADA DE 8 HORAS DIURNAS DE LUNES A VIERNES SIN FESTIVOS | B60: PUESTO DE VIGILANCIA PARA EL JUZGADO DE CONVENCIÓN | D60: CONVENCION | E60: 1 | G60: 1 | I60: =(((((1750905*$D$9+J60)*47.59%)/13*8)/30*4)+((((1750905*$D$9+J60)*52.41%)/11*0)/30*0)) -> 698421.34 | J60: =+$D$4*3 -> 9391.6667 | K60: =SUM(I60)*8% -> 55873.707 | L60: =+I60+K60 -> 754295.05 | M60: =ROUND(L60*$M$11,0) -> 75430 | N60: =ROUND(M60*19%,0) -> 14332 | O60: =+(L60+N60)*E60 -> 768627.05 | Q60: =(((((1750905*$D$9+R60)*47.59%)/13*8)/30*20)+((((1750905*$D$9+R60)*52.41%)/11*0)/30*0)) -> 3492106.7 | R60: =+$D$4*3 -> 9391.6667 | S60: =SUM(Q60)*8% -> 279368.54 | T60: =+Q60+S60 -> 3771475.2 | U60: =ROUND(T60*$U$11,0) -> 377148 | V60: =ROUND(U60*19%,0) -> 71658 | W60: =+(T60+V60)*E60 -> 3843133.2 | X60: =(((((1750905*$D$9+Y60)*47.59%)/13*8)/30*7)+((((1750905*$D$9+Y60)*52.41%)/11*0)/30*0)) -> 1222237.3 | Y60: =+$D$4*3 -> 9391.6667 | Z60: =SUM(X60)*8% -> 97778.988 | AA60: =+X60+Z60 -> 1320016.3 | AB60: =ROUND(AA60*$U$11,0) -> 132002 | AC60: =ROUND(AB60*19%,0) -> 25080 | AD60: =+(AA60+AC60)*E60 -> 1345096.3 | AE60: =+O60+W60+AD60 -> 5956856.6 | AG60: =+AE60*F60 -> 0 | AH60: =+AE60*G60 -> 5956856.6 | AI60: =+AE60*H60 -> 0
A61: SERVICIO DE VIGILANCIA A TRAVÉS DE MEDIO HUMANO SIN ARMA DURANTE JORNADA DE 8 HORAS DIURNAS DE LUNES A VIERNES SIN FESTIVOS | B61: PUESTO DE VIGILANCIA PARA EL JUZGADO DE TEORAMA | D61: TEORAMA | E61: 1 | G61: 1 | I61: =(((((1750905*$D$9+J61)*47.59%)/13*8)/30*4)+((((1750905*$D$9+J61)*52.41%)/11*0)/30*0)) -> 698421.34 | J61: =+$D$4*3 -> 9391.6667 | K61: =SUM(I61)*8% -> 55873.707 | L61: =+I61+K61 -> 754295.05 | M61: =ROUND(L61*$M$11,0) -> 75430 | N61: =ROUND(M61*19%,0) -> 14332 | O61: =+(L61+N61)*E61 -> 768627.05 | Q61: =(((((1750905*$D$9+R61)*47.59%)/13*8)/30*20)+((((1750905*$D$9+R61)*52.41%)/11*0)/30*0)) -> 3492106.7 | R61: =+$D$4*3 -> 9391.6667 | S61: =SUM(Q61)*8% -> 279368.54 | T61: =+Q61+S61 -> 3771475.2 | U61: =ROUND(T61*$U$11,0) -> 377148 | V61: =ROUND(U61*19%,0) -> 71658 | W61: =+(T61+V61)*E61 -> 3843133.2 | X61: =(((((1750905*$D$9+Y61)*47.59%)/13*8)/30*7)+((((1750905*$D$9+Y61)*52.41%)/11*0)/30*0)) -> 1222237.3 | Y61: =+$D$4*3 -> 9391.6667 | Z61: =SUM(X61)*8% -> 97778.988 | AA61: =+X61+Z61 -> 1320016.3 | AB61: =ROUND(AA61*$U$11,0) -> 132002 | AC61: =ROUND(AB61*19%,0) -> 25080 | AD61: =+(AA61+AC61)*E61 -> 1345096.3 | AE61: =+O61+W61+AD61 -> 5956856.6 | AG61: =+AE61*F61 -> 0 | AH61: =+AE61*G61 -> 5956856.6 | AI61: =+AE61*H61 -> 0
A62: SERVICIO DE VIGILANCIA A TRAVÉS DE MEDIO HUMANO SIN ARMA DURANTE JORNADA DE 8 HORAS DIURNAS DE LUNES A VIERNES SIN FESTIVOS | B62: PUESTO DE VIGILANCIA PARA EL JUZGADO DE LA PLAYA | D62: LA PLAYA | E62: 1 | G62: 1 | I62: =(((((1750905*$D$9+J62)*47.59%)/13*8)/30*4)+((((1750905*$D$9+J62)*52.41%)/11*0)/30*0)) -> 698421.34 | J62: =+$D$4*3 -> 9391.6667 | K62: =SUM(I62)*8% -> 55873.707 | L62: =+I62+K62 -> 754295.05 | M62: =ROUND(L62*$M$11,0) -> 75430 | N62: =ROUND(M62*19%,0) -> 14332 | O62: =+(L62+N62)*E62 -> 768627.05 | Q62: =(((((1750905*$D$9+R62)*47.59%)/13*8)/30*20)+((((1750905*$D$9+R62)*52.41%)/11*0)/30*0)) -> 3492106.7 | R62: =+$D$4*3 -> 9391.6667 | S62: =SUM(Q62)*8% -> 279368.54 | T62: =+Q62+S62 -> 3771475.2 | U62: =ROUND(T62*$U$11,0) -> 377148 | V62: =ROUND(U62*19%,0) -> 71658 | W62: =+(T62+V62)*E62 -> 3843133.2 | X62: =(((((1750905*$D$9+Y62)*47.59%)/13*8)/30*7)+((((1750905*$D$9+Y62)*52.41%)/11*0)/30*0)) -> 1222237.3 | Y62: =+$D$4*3 -> 9391.6667 | Z62: =SUM(X62)*8% -> 97778.988 | AA62: =+X62+Z62 -> 1320016.3 | AB62: =ROUND(AA62*$U$11,0) -> 132002 | AC62: =ROUND(AB62*19%,0) -> 25080 | AD62: =+(AA62+AC62)*E62 -> 1345096.3 | AE62: =+O62+W62+AD62 -> 5956856.6 | AG62: =+AE62*F62 -> 0 | AH62: =+AE62*G62 -> 5956856.6 | AI62: =+AE62*H62 -> 0
A63: SERVICIO DE VIGILANCIA A TRAVÉS DE MEDIO HUMANO SIN ARMA DURANTE JORNADA DE 8 HORAS DIURNAS DE LUNES A VIERNES SIN FESTIVOS | B63: PUESTO DE VIGILANCIA PARA EL JUZGADO DE SARDINATA | C63: CARRERA 7 # 7-26/30/32/36/40/42 LOTE 2 BARRIO LA PERLA CENTRO SARDINATA | D63: SARDINATA | E63: 1 | G63: 1 | I63: =(((((1750905*$D$9+J63)*47.59%)/13*8)/30*4)+((((1750905*$D$9+J63)*52.41%)/11*0)/30*0)) -> 698421.34 | J63: =+$D$4*3 -> 9391.6667 | K63: =SUM(I63)*8% -> 55873.707 | L63: =+I63+K63 -> 754295.05 | M63: =ROUND(L63*$M$11,0) -> 75430 | N63: =ROUND(M63*19%,0) -> 14332 | O63: =+(L63+N63)*E63 -> 768627.05 | Q63: =(((((1750905*$D$9+R63)*47.59%)/13*8)/30*20)+((((1750905*$D$9+R63)*52.41%)/11*0)/30*0)) -> 3492106.7 | R63: =+$D$4*3 -> 9391.6667 | S63: =SUM(Q63)*8% -> 279368.54 | T63: =+Q63+S63 -> 3771475.2 | U63: =ROUND(T63*$U$11,0) -> 377148 | V63: =ROUND(U63*19%,0) -> 71658 | W63: =+(T63+V63)*E63 -> 3843133.2 | X63: =(((((1750905*$D$9+Y63)*47.59%)/13*8)/30*7)+((((1750905*$D$9+Y63)*52.41%)/11*0)/30*0)) -> 1222237.3 | Y63: =+$D$4*3 -> 9391.6667 | Z63: =SUM(X63)*8% -> 97778.988 | AA63: =+X63+Z63 -> 1320016.3 | AB63: =ROUND(AA63*$U$11,0) -> 132002 | AC63: =ROUND(AB63*19%,0) -> 25080 | AD63: =+(AA63+AC63)*E63 -> 1345096.3 | AE63: =+O63+W63+AD63 -> 5956856.6 | AG63: =+AE63*F63 -> 0 | AH63: =+AE63*G63 -> 5956856.6 | AI63: =+AE63*H63 -> 0
A64: Servicio de vigilancia física con medio humano, con arma, sin canino, con jornada laboral mes/24 horas de domingo a domingo. | B64: (Interno) Puesto de control JUZGADO 1 Y 2 PROMISCUO MUNICIPAL DE SARAVENA. | C64: CARRERA 16# 25-66/68/70 SARAVENA ARAUCA | D64: Saravena | E64: 1 | G64: 1 | I64: =(((((1750905*$D$9+J64)*47.59%)/13*13)/30*7)+((((1750905*$D$9+J64)*52.41%)/11*11)/30*7)) -> 4173430.7 | J64: =+$D$4*3 -> 9391.6667 | K64: =SUM(I64)*10% -> 417343.07 | L64: =+I64+K64 -> 4590773.8 | M64: =ROUND(L64*$M$11,0) -> 459077 | N64: =ROUND(M64*19%,0) -> 87225 | O64: =+(L64+N64)*E64 -> 4677998.8 | Q64: =(((((1750905*$D$9+R64)*47.59%)/13*13)/30*30)+((((1750905*$D$9+R64)*52.41%)/11*11)/30*30)) -> 17886132 | R64: =+$D$4*3 -> 9391.6667 | S64: =SUM(Q64)*10% -> 1788613.2 | T64: =+Q64+S64 -> 19674745 | U64: =ROUND(T64*$U$11,0) -> 1967474 | V64: =ROUND(U64*19%,0) -> 373820 | W64: =+(T64+V64)*E64 -> 20048565 | X64: =(((((1750905*$D$9+Y64)*47.59%)/13*13)/30*10)+((((1750905*$D$9+Y64)*52.41%)/11*11)/30*10)) -> 5962043.9 | Y64: =+$D$4*3 -> 9391.6667 | Z64: =SUM(X64)*10% -> 596204.39 | AA64: =+X64+Z64 -> 6558248.3 | AB64: =ROUND(AA64*$U$11,0) -> 655825 | AC64: =ROUND(AB64*19%,0) -> 124607 | AD64: =+(AA64+AC64)*E64 -> 6682855.3 | AE64: =+O64+W64+AD64 -> 31409419 | AG64: =+AE64*F64 -> 0 | AH64: =+AE64*G64 -> 31409419 | AI64: =+AE64*H64 -> 0
A65: Servicio de vigilancia física con medio humano, con arma, sin canino, con jornada laboral mes/12 horas Diurnas de domigo a domingo. | B65: (Interno) (FICHERO) JUZGADO PROMISCUO DEL CIRCUITO DE SARAVENA | C65: CALLE 26 # 15-83-87 SARAVENA | D65: Saravena | E65: 1 | G65: 1 | I65: =(((((1750905*$D$9+J65)*47.59%)/13*12)/30*7)+((((1750905*$D$9+J65)*52.41%)/11*0)/30*0)) -> 1833356 | J65: =+$D$4*3 -> 9391.6667 | K65: =SUM(I65)*10% -> 183335.6 | L65: =+I65+K65 -> 2016691.6 | M65: =ROUND(L65*$M$11,0) -> 201669 | N65: =ROUND(M65*19%,0) -> 38317 | O65: =+(L65+N65)*E65 -> 2055008.6 | Q65: =(((((1750905*$D$9+R65)*47.59%)/13*12)/30*30)+((((1750905*$D$9+R65)*52.41%)/11*0)/30*0)) -> 7857240.1 | R65: =+$D$4*3 -> 9391.6667 | S65: =SUM(Q65)*10% -> 785724.01 | T65: =+Q65+S65 -> 8642964.1 | U65: =ROUND(T65*$U$11,0) -> 864296 | V65: =ROUND(U65*19%,0) -> 164216 | W65: =+(T65+V65)*E65 -> 8807180.1 | X65: =(((((1750905*$D$9+Y65)*47.59%)/13*12)/30*10)+((((1750905*$D$9+Y65)*52.41%)/11*0)/30*0)) -> 2619080 | Y65: =+$D$4*3 -> 9391.6667 | Z65: =SUM(X65)*10% -> 261908 | AA65: =+X65+Z65 -> 2880988 | AB65: =ROUND(AA65*$U$11,0) -> 288099 | AC65: =ROUND(AB65*19%,0) -> 54739 | AD65: =+(AA65+AC65)*E65 -> 2935727 | AE65: =+O65+W65+AD65 -> 13797916 | AG65: =+AE65*F65 -> 0 | AH65: =+AE65*G65 -> 13797916 | AI65: =+AE65*H65 -> 0
A66: Servicio de vigilancia física con medio humano, con arma, sin canino, con jornada laboral mes/12 horas Diurnas de domigo a domingo. | B66: (Interno) JUZGADO 01 PROMISCUO DE FAMILIA DE SARAVENA | C66: CALLE 27 #13-74, BARRIO CENTRO, DEL MUNICIPIO DE SARAVENA – ARAUCA, | D66: Saravena | E66: 1 | G66: 1 | I66: =(((((1750905*$D$9+J66)*47.59%)/13*12)/30*7)+((((1750905*$D$9+J66)*52.41%)/11*0)/30*0)) -> 1833356 | J66: =+$D$4*3 -> 9391.6667 | K66: =SUM(I66)*10% -> 183335.6 | L66: =+I66+K66 -> 2016691.6 | M66: =ROUND(L66*$M$11,0) -> 201669 | N66: =ROUND(M66*19%,0) -> 38317 | O66: =+(L66+N66)*E66 -> 2055008.6 | Q66: =(((((1750905*$D$9+R66)*47.59%)/13*12)/30*30)+((((1750905*$D$9+R66)*52.41%)/11*0)/30*0)) -> 7857240.1 | R66: =+$D$4*3 -> 9391.6667 | S66: =SUM(Q66)*10% -> 785724.01 | T66: =+Q66+S66 -> 8642964.1 | U66: =ROUND(T66*$U$11,0) -> 864296 | V66: =ROUND(U66*19%,0) -> 164216 | W66: =+(T66+V66)*E66 -> 8807180.1 | X66: =(((((1750905*$D$9+Y66)*47.59%)/13*12)/30*10)+((((1750905*$D$9+Y66)*52.41%)/11*0)/30*0)) -> 2619080 | Y66: =+$D$4*3 -> 9391.6667 | Z66: =SUM(X66)*10% -> 261908 | AA66: =+X66+Z66 -> 2880988 | AB66: =ROUND(AA66*$U$11,0) -> 288099 | AC66: =ROUND(AB66*19%,0) -> 54739 | AD66: =+(AA66+AC66)*E66 -> 2935727 | AE66: =+O66+W66+AD66 -> 13797916 | AG66: =+AE66*F66 -> 0 | AH66: =+AE66*G66 -> 13797916 | AI66: =+AE66*H66 -> 0
A67: Servicio de vigilancia física con medio humano, con arma, sin canino, con jornada laboral mes/12 horas Diurnas de domigo a domingo. | B67: Puesto de control JUZGADO 1 Y 2 PROMISCUO MUNICIPAL DE SARAVENA.. | C67: CARRERA 16# 25-66/68/70 SARAVENA ARAUCA | D67: Saravena | E67: 2 | G67: 1 | I67: =(((((1750905*$D$9+J67)*47.59%)/13*12)/30*7)+((((1750905*$D$9+J67)*52.41%)/11*0)/30*0)) -> 1833356 | J67: =+$D$4*3 -> 9391.6667 | K67: =SUM(I67)*10% -> 183335.6 | L67: =+I67+K67 -> 2016691.6 | M67: =ROUND(L67*$M$11,0) -> 201669 | N67: =ROUND(M67*19%,0) -> 38317 | O67: =+(L67+N67)*E67 -> 4110017.2 | Q67: =(((((1750905*$D$9+R67)*47.59%)/13*12)/30*30)+((((1750905*$D$9+R67)*52.41%)/11*0)/30*0)) -> 7857240.1 | R67: =+$D$4*3 -> 9391.6667 | S67: =SUM(Q67)*10% -> 785724.01 | T67: =+Q67+S67 -> 8642964.1 | U67: =ROUND(T67*$U$11,0) -> 864296 | V67: =ROUND(U67*19%,0) -> 164216 | W67: =+(T67+V67)*E67 -> 17614360 | X67: =(((((1750905*$D$9+Y67)*47.59%)/13*12)/30*10)+((((1750905*$D$9+Y67)*52.41%)/11*0)/30*0)) -> 2619080 | Y67: =+$D$4*3 -> 9391.6667 | Z67: =SUM(X67)*10% -> 261908 | AA67: =+X67+Z67 -> 2880988 | AB67: =ROUND(AA67*$U$11,0) -> 288099 | AC67: =ROUND(AB67*19%,0) -> 54739 | AD67: =+(AA67+AC67)*E67 -> 5871454.1 | AE67: =+O67+W67+AD67 -> 27595831 | AG67: =+AE67*F67 -> 0 | AH67: =+AE67*G67 -> 27595831 | AI67: =+AE67*H67 -> 0
A68: Servicio de vigilancia física con medio humano, con arma, sin canino, con jornada laboral mes/24 horas de domingo a domingo. | B68: Centro de servicios Penales Adolescentes CESPA, EDIFICIO IGUANITO Arauca | C68: CALLE 16 #20-34, 40, 46 TEATRO IGUANITO, ARAUCA - ARAUCA | D68: Arauca | E68: 1 | G68: 1 | I68: =(((((1750905*$D$9+J68)*47.59%)/13*13)/30*7)+((((1750905*$D$9+J68)*52.41%)/11*11)/30*7)) -> 4173430.7 | J68: =+$D$4*3 -> 9391.6667 | K68: =SUM(I68)*10% -> 417343.07 | L68: =+I68+K68 -> 4590773.8 | M68: =ROUND(L68*$M$11,0) -> 459077 | N68: =ROUND(M68*19%,0) -> 87225 | O68: =+(L68+N68)*E68 -> 4677998.8 | Q68: =(((((1750905*$D$9+R68)*47.59%)/13*13)/30*30)+((((1750905*$D$9+R68)*52.41%)/11*11)/30*30)) -> 17886132 | R68: =+$D$4*3 -> 9391.6667 | S68: =SUM(Q68)*10% -> 1788613.2 | T68: =+Q68+S68 -> 19674745 | U68: =ROUND(T68*$U$11,0) -> 1967474 | V68: =ROUND(U68*19%,0) -> 373820 | W68: =+(T68+V68)*E68 -> 20048565 | X68: =(((((1750905*$D$9+Y68)*47.59%)/13*13)/30*10)+((((1750905*$D$9+Y68)*52.41%)/11*11)/30*10)) -> 5962043.9 | Y68: =+$D$4*3 -> 9391.6667 | Z68: =SUM(X68)*10% -> 596204.39 | AA68: =+X68+Z68 -> 6558248.3 | AB68: =ROUND(AA68*$U$11,0) -> 655825 | AC68: =ROUND(AB68*19%,0) -> 124607 | AD68: =+(AA68+AC68)*E68 -> 6682855.3 | AE68: =+O68+W68+AD68 -> 31409419 | AG68: =+AE68*F68 -> 0 | AH68: =+AE68*G68 -> 31409419 | AI68: =+AE68*H68 -> 0
A69: Servicio de vigilancia física con medio humano, sin arma, sin canino, con jornada laboral mes/9 horas diurnas de lunes a viernes sin festivos | B69: (Interno) (FICHERO) PUESTOS DE CONTROL PRIMER PISO DE ENTRADA PALACIO DE JUSTICIA SPA | C69: CALLE 19 NRO 21-31 | D69: Arauca | E69: 1 | G69: 1 | I69: =(((((1750905*$D$9+J69)*47.59%)/13*9)/30*4)+((((1750905*$D$9+J69)*52.41%)/11*0)/30*0)) -> 785724.01 | J69: =+$D$4*3 -> 9391.6667 | K69: =SUM(I69)*8% -> 62857.921 | L69: =+I69+K69 -> 848581.93 | M69: =ROUND(L69*$M$11,0) -> 84858 | N69: =ROUND(M69*19%,0) -> 16123 | O69: =+(L69+N69)*E69 -> 864704.93 | Q69: =(((((1750905*$D$9+R69)*47.59%)/13*9)/30*20)+((((1750905*$D$9+R69)*52.41%)/11*0)/30*0)) -> 3928620 | R69: =+$D$4*3 -> 9391.6667 | S69: =SUM(Q69)*8% -> 314289.6 | T69: =+Q69+S69 -> 4242909.6 | U69: =ROUND(T69*$U$11,0) -> 424291 | V69: =ROUND(U69*19%,0) -> 80615 | W69: =+(T69+V69)*E69 -> 4323524.6 | X69: =(((((1750905*$D$9+Y69)*47.59%)/13*9)/30*7)+((((1750905*$D$9+Y69)*52.41%)/11*0)/30*0)) -> 1375017 | Y69: =+$D$4*3 -> 9391.6667 | Z69: =SUM(X69)*8% -> 110001.36 | AA69: =+X69+Z69 -> 1485018.4 | AB69: =ROUND(AA69*$U$11,0) -> 148502 | AC69: =ROUND(AB69*19%,0) -> 28215 | AD69: =+(AA69+AC69)*E69 -> 1513233.4 | AE69: =+O69+W69+AD69 -> 6701462.9 | AG69: =+AE69*F69 -> 0 | AH69: =+AE69*G69 -> 6701462.9 | AI69: =+AE69*H69 -> 0
A70: Servicio de vigilancia física con medio humano, con arma, sin canino, con jornada laboral mes/24 horas de domingo a domingo. | B70: Puesto de control ingreso del Palacio de Justicia de Arauca - Calle 19 No. 21-31 Arauca - Arauca | C70: CALLE 19 NRO 21-31 | D70: Arauca | E70: 1 | G70: 1 | I70: =(((((1750905*$D$9+J70)*47.59%)/13*13)/30*7)+((((1750905*$D$9+J70)*52.41%)/11*11)/30*7)) -> 4173430.7 | J70: =+$D$4*3 -> 9391.6667 | K70: =SUM(I70)*10% -> 417343.07 | L70: =+I70+K70 -> 4590773.8 | M70: =ROUND(L70*$M$11,0) -> 459077 | N70: =ROUND(M70*19%,0) -> 87225 | O70: =+(L70+N70)*E70 -> 4677998.8 | Q70: =(((((1750905*$D$9+R70)*47.59%)/13*13)/30*30)+((((1750905*$D$9+R70)*52.41%)/11*11)/30*30)) -> 17886132 | R70: =+$D$4*3 -> 9391.6667 | S70: =SUM(Q70)*10% -> 1788613.2 | T70: =+Q70+S70 -> 19674745 | U70: =ROUND(T70*$U$11,0) -> 1967474 | V70: =ROUND(U70*19%,0) -> 373820 | W70: =+(T70+V70)*E70 -> 20048565 | X70: =(((((1750905*$D$9+Y70)*47.59%)/13*13)/30*10)+((((1750905*$D$9+Y70)*52.41%)/11*11)/30*10)) -> 5962043.9 | Y70: =+$D$4*3 -> 9391.6667 | Z70: =SUM(X70)*10% -> 596204.39 | AA70: =+X70+Z70 -> 6558248.3 | AB70: =ROUND(AA70*$U$11,0) -> 655825 | AC70: =ROUND(AB70*19%,0) -> 124607 | AD70: =+(AA70+AC70)*E70 -> 6682855.3 | AE70: =+O70+W70+AD70 -> 31409419 | AG70: =+AE70*F70 -> 0 | AH70: =+AE70*G70 -> 31409419 | AI70: =+AE70*H70 -> 0
A71: Servicio de vigilancia física con medio humano, con arma, sin canino, con jornada laboral mes/12 horas Diurnas de domigo a domingo. | B71: Puesto de control Palacio de Justicia de Arauca SPA - INPEC-Calle 19 No. 21-31 Arauca - Arauca | C71: CALLE 19 NRO 21-31 | D71: Arauca | E71: 1 | G71: 1 | I71: =(((((1750905*$D$9+J71)*47.59%)/13*12)/30*7)+((((1750905*$D$9+J71)*52.41%)/11*0)/30*0)) -> 1833356 | J71: =+$D$4*3 -> 9391.6667 | K71: =SUM(I71)*10% -> 183335.6 | L71: =+I71+K71 -> 2016691.6 | M71: =ROUND(L71*$M$11,0) -> 201669 | N71: =ROUND(M71*19%,0) -> 38317 | O71: =+(L71+N71)*E71 -> 2055008.6 | Q71: =(((((1750905*$D$9+R71)*47.59%)/13*12)/30*30)+((((1750905*$D$9+R71)*52.41%)/11*0)/30*0)) -> 7857240.1 | R71: =+$D$4*3 -> 9391.6667 | S71: =SUM(Q71)*10% -> 785724.01 | T71: =+Q71+S71 -> 8642964.1 | U71: =ROUND(T71*$U$11,0) -> 864296 | V71: =ROUND(U71*19%,0) -> 164216 | W71: =+(T71+V71)*E71 -> 8807180.1 | X71: =(((((1750905*$D$9+Y71)*47.59%)/13*12)/30*10)+((((1750905*$D$9+Y71)*52.41%)/11*0)/30*0)) -> 2619080 | Y71: =+$D$4*3 -> 9391.6667 | Z71: =SUM(X71)*10% -> 261908 | AA71: =+X71+Z71 -> 2880988 | AB71: =ROUND(AA71*$U$11,0) -> 288099 | AC71: =ROUND(AB71*19%,0) -> 54739 | AD71: =+(AA71+AC71)*E71 -> 2935727 | AE71: =+O71+W71+AD71 -> 13797916 | AG71: =+AE71*F71 -> 0 | AH71: =+AE71*G71 -> 13797916 | AI71: =+AE71*H71 -> 0
A72: (Operador de medios tecnológicos) Servicio de vigilancia física con medio humano, sin arma, sin canino, con jornada laboral mes/24 horas de domingo a domingo. | B72: CIRCUITO CCTV PALACIO DE JUSTICIA ANTIGUO | C72: CALLE 19 NRO 21-31 | D72: Arauca | E72: 1 | G72: 1 | I72: =(((((1750905*$D$9+J72)*47.59%)/13*13)/30*7)+((((1750905*$D$9+J72)*52.41%)/11*11)/30*7)) -> 4173430.7 | J72: =+$D$4*3 -> 9391.6667 | K72: =SUM(I72)*8% -> 333874.46 | L72: =+I72+K72 -> 4507305.2 | M72: =ROUND(L72*$M$11,0) -> 450731 | N72: =ROUND(M72*19%,0) -> 85639 | O72: =+(L72+N72)*E72 -> 4592944.2 | Q72: =(((((1750905*$D$9+R72)*47.59%)/13*13)/30*30)+((((1750905*$D$9+R72)*52.41%)/11*11)/30*30)) -> 17886132 | R72: =+$D$4*3 -> 9391.6667 | S72: =SUM(Q72)*8% -> 1430890.5 | T72: =+Q72+S72 -> 19317022 | U72: =ROUND(T72*$U$11,0) -> 1931702 | V72: =ROUND(U72*19%,0) -> 367023 | W72: =+(T72+V72)*E72 -> 19684045 | X72: =(((((1750905*$D$9+Y72)*47.59%)/13*13)/30*10)+((((1750905*$D$9+Y72)*52.41%)/11*11)/30*10)) -> 5962043.9 | Y72: =+$D$4*3 -> 9391.6667 | Z72: =SUM(X72)*8% -> 476963.51 | AA72: =+X72+Z72 -> 6439007.4 | AB72: =ROUND(AA72*$U$11,0) -> 643901 | AC72: =ROUND(AB72*19%,0) -> 122341 | AD72: =+(AA72+AC72)*E72 -> 6561348.4 | AE72: =+O72+W72+AD72 -> 30838338 | AG72: =+AE72*F72 -> 0 | AH72: =+AE72*G72 -> 30838338 | AI72: =+AE72*H72 -> 0
A73: Servicio de vigilancia física con medio humano, con arma, sin canino, con jornada laboral mes/24 horas de domingo a domingo. | B73: Puesto de control, contraloria, JUZGADO DEL CIRCUITO PENAL DE SARAVENA UBICADO EN ARAUCA | C73: CRA 22 #18-32 | D73: Arauca | E73: 1 | G73: 1 | I73: =(((((1750905*$D$9+J73)*47.59%)/13*13)/30*7)+((((1750905*$D$9+J73)*52.41%)/11*11)/30*7)) -> 4173430.7 | J73: =+$D$4*3 -> 9391.6667 | K73: =SUM(I73)*10% -> 417343.07 | L73: =+I73+K73 -> 4590773.8 | M73: =ROUND(L73*$M$11,0) -> 459077 | N73: =ROUND(M73*19%,0) -> 87225 | O73: =+(L73+N73)*E73 -> 4677998.8 | Q73: =(((((1750905*$D$9+R73)*47.59%)/13*13)/30*30)+((((1750905*$D$9+R73)*52.41%)/11*11)/30*30)) -> 17886132 | R73: =+$D$4*3 -> 9391.6667 | S73: =SUM(Q73)*10% -> 1788613.2 | T73: =+Q73+S73 -> 19674745 | U73: =ROUND(T73*$U$11,0) -> 1967474 | V73: =ROUND(U73*19%,0) -> 373820 | W73: =+(T73+V73)*E73 -> 20048565 | X73: =(((((1750905*$D$9+Y73)*47.59%)/13*13)/30*10)+((((1750905*$D$9+Y73)*52.41%)/11*11)/30*10)) -> 5962043.9 | Y73: =+$D$4*3 -> 9391.6667 | Z73: =SUM(X73)*10% -> 596204.39 | AA73: =+X73+Z73 -> 6558248.3 | AB73: =ROUND(AA73*$U$11,0) -> 655825 | AC73: =ROUND(AB73*19%,0) -> 124607 | AD73: =+(AA73+AC73)*E73 -> 6682855.3 | AE73: =+O73+W73+AD73 -> 31409419 | AG73: =+AE73*F73 -> 0 | AH73: =+AE73*G73 -> 31409419 | AI73: =+AE73*H73 -> 0
A74: Servicio de vigilancia física con medio humano, sin arma, sin canino, con jornada laboral mes/9 horas diurnas de lunes a viernes sin festivos | B74: (FICHERO) FICHERO #1 PUESTO DE CONTROL DE ENTRADA PALACIO DE JUSTICIA NUEVO | C74: CALLE 21 N° 21-07 PALACIO DE JUSTICIA NUEVO | D74: Arauca | E74: 1 | G74: 1 | I74: =(((((1750905*$D$9+J74)*47.59%)/13*9)/30*4)+((((1750905*$D$9+J74)*52.41%)/11*0)/30*0)) -> 785724.01 | J74: =+$D$4*3 -> 9391.6667 | K74: =SUM(I74)*8% -> 62857.921 | L74: =+I74+K74 -> 848581.93 | M74: =ROUND(L74*$M$11,0) -> 84858 | N74: =ROUND(M74*19%,0) -> 16123 | O74: =+(L74+N74)*E74 -> 864704.93 | Q74: =(((((1750905*$D$9+R74)*47.59%)/13*9)/30*20)+((((1750905*$D$9+R74)*52.41%)/11*0)/30*0)) -> 3928620 | R74: =+$D$4*3 -> 9391.6667 | S74: =SUM(Q74)*8% -> 314289.6 | T74: =+Q74+S74 -> 4242909.6 | U74: =ROUND(T74*$U$11,0) -> 424291 | V74: =ROUND(U74*19%,0) -> 80615 | W74: =+(T74+V74)*E74 -> 4323524.6 | X74: =(((((1750905*$D$9+Y74)*47.59%)/13*9)/30*7)+((((1750905*$D$9+Y74)*52.41%)/11*0)/30*0)) -> 1375017 | Y74: =+$D$4*3 -> 9391.6667 | Z74: =SUM(X74)*8% -> 110001.36 | AA74: =+X74+Z74 -> 1485018.4 | AB74: =ROUND(AA74*$U$11,0) -> 148502 | AC74: =ROUND(AB74*19%,0) -> 28215 | AD74: =+(AA74+AC74)*E74 -> 1513233.4 | AE74: =+O74+W74+AD74 -> 6701462.9 | AG74: =+AE74*F74 -> 0 | AH74: =+AE74*G74 -> 6701462.9 | AI74: =+AE74*H74 -> 0
A75: Servicio de vigilancia física con medio humano, sin arma, sin canino, con jornada laboral mes/9 horas diurnas de lunes a viernes sin festivos | B75: (FICHERO) FICHERO # 2 PUESTO DE CONTROL DE ENTRADA PALACIO DE JUSTICIA NUEVO | C75: CALLE 21 N° 21-07 PALACIO DE JUSTICIA NUEVO | D75: Arauca | E75: 1 | F75: 0.09 | G75: 0.91 | I75: =(((((1750905*$D$9+J75)*47.59%)/13*9)/30*4)+((((1750905*$D$9+J75)*52.41%)/11*0)/30*0)) -> 785724.01 | J75: =+$D$4*3 -> 9391.6667 | K75: =SUM(I75)*8% -> 62857.921 | L75: =+I75+K75 -> 848581.93 | M75: =ROUND(L75*$M$11,0) -> 84858 | N75: =ROUND(M75*19%,0) -> 16123 | O75: =+(L75+N75)*E75 -> 864704.93 | Q75: =(((((1750905*$D$9+R75)*47.59%)/13*9)/30*20)+((((1750905*$D$9+R75)*52.41%)/11*0)/30*0)) -> 3928620 | R75: =+$D$4*3 -> 9391.6667 | S75: =SUM(Q75)*8% -> 314289.6 | T75: =+Q75+S75 -> 4242909.6 | U75: =ROUND(T75*$U$11,0) -> 424291 | V75: =ROUND(U75*19%,0) -> 80615 | W75: =+(T75+V75)*E75 -> 4323524.6 | X75: =(((((1750905*$D$9+Y75)*47.59%)/13*9)/30*7)+((((1750905*$D$9+Y75)*52.41%)/11*0)/30*0)) -> 1375017 | Y75: =+$D$4*3 -> 9391.6667 | Z75: =SUM(X75)*8% -> 110001.36 | AA75: =+X75+Z75 -> 1485018.4 | AB75: =ROUND(AA75*$U$11,0) -> 148502 | AC75: =ROUND(AB75*19%,0) -> 28215 | AD75: =+(AA75+AC75)*E75 -> 1513233.4 | AE75: =+O75+W75+AD75 -> 6701462.9 | AG75: =+AE75*F75 -> 603131.67 | AH75: =+AE75*G75 -> 6098331.3 | AI75: =+AE75*H75 -> 0
A76: (Operador de medios tecnológicos) Servicio de vigilancia física con medio humano, sin arma, sin canino, con jornada laboral mes/24 horas de domingo a domingo. | B76: CIRCUITO CCTV PALACIO DE JUSTICIA ARAUCA EDIFICIO CALLE 21 | C76: CALLE 21 N° 21-07 PALACIO DE JUSTICIA NUEVO | D76: Arauca | E76: 1 | F76: 0.09 | G76: 0.91 | I76: =(((((1750905*$D$9+J76)*47.59%)/13*13)/30*7)+((((1750905*$D$9+J76)*52.41%)/11*11)/30*7)) -> 4173430.7 | J76: =+$D$4*3 -> 9391.6667 | K76: =SUM(I76)*8% -> 333874.46 | L76: =+I76+K76 -> 4507305.2 | M76: =ROUND(L76*$M$11,0) -> 450731 | N76: =ROUND(M76*19%,0) -> 85639 | O76: =+(L76+N76)*E76 -> 4592944.2 | Q76: =(((((1750905*$D$9+R76)*47.59%)/13*13)/30*30)+((((1750905*$D$9+R76)*52.41%)/11*11)/30*30)) -> 17886132 | R76: =+$D$4*3 -> 9391.6667 | S76: =SUM(Q76)*8% -> 1430890.5 | T76: =+Q76+S76 -> 19317022 | U76: =ROUND(T76*$U$11,0) -> 1931702 | V76: =ROUND(U76*19%,0) -> 367023 | W76: =+(T76+V76)*E76 -> 19684045 | X76: =(((((1750905*$D$9+Y76)*47.59%)/13*13)/30*10)+((((1750905*$D$9+Y76)*52.41%)/11*11)/30*10)) -> 5962043.9 | Y76: =+$D$4*3 -> 9391.6667 | Z76: =SUM(X76)*8% -> 476963.51 | AA76: =+X76+Z76 -> 6439007.4 | AB76: =ROUND(AA76*$U$11,0) -> 643901 | AC76: =ROUND(AB76*19%,0) -> 122341 | AD76: =+(AA76+AC76)*E76 -> 6561348.4 | AE76: =+O76+W76+AD76 -> 30838338 | AG76: =+AE76*F76 -> 2775450.4 | AH76: =+AE76*G76 -> 28062887 | AI76: =+AE76*H76 -> 0
A77: Servicio de vigilancia física con medio humano, con arma, sin canino, con jornada laboral mes/24 horas de domingo a domingo. | B77: PUESTO DE CONTROL PUERTA DE INGRESO PRINCIPAL PALACIO DE JUSTICIA NUEVO | C77: CALLE 21 N° 21-07 PALACIO DE JUSTICIA NUEVO | D77: Arauca | E77: 1 | G77: 1 | I77: =(((((1750905*$D$9+J77)*47.59%)/13*13)/30*7)+((((1750905*$D$9+J77)*52.41%)/11*11)/30*7)) -> 4173430.7 | J77: =+$D$4*3 -> 9391.6667 | K77: =SUM(I77)*10% -> 417343.07 | L77: =+I77+K77 -> 4590773.8 | M77: =ROUND(L77*$M$11,0) -> 459077 | N77: =ROUND(M77*19%,0) -> 87225 | O77: =+(L77+N77)*E77 -> 4677998.8 | Q77: =(((((1750905*$D$9+R77)*47.59%)/13*13)/30*30)+((((1750905*$D$9+R77)*52.41%)/11*11)/30*30)) -> 17886132 | R77: =+$D$4*3 -> 9391.6667 | S77: =SUM(Q77)*10% -> 1788613.2 | T77: =+Q77+S77 -> 19674745 | U77: =ROUND(T77*$U$11,0) -> 1967474 | V77: =ROUND(U77*19%,0) -> 373820 | W77: =+(T77+V77)*E77 -> 20048565 | X77: =(((((1750905*$D$9+Y77)*47.59%)/13*13)/30*10)+((((1750905*$D$9+Y77)*52.41%)/11*11)/30*10)) -> 5962043.9 | Y77: =+$D$4*3 -> 9391.6667 | Z77: =SUM(X77)*10% -> 596204.39 | AA77: =+X77+Z77 -> 6558248.3 | AB77: =ROUND(AA77*$U$11,0) -> 655825 | AC77: =ROUND(AB77*19%,0) -> 124607 | AD77: =+(AA77+AC77)*E77 -> 6682855.3 | AE77: =+O77+W77+AD77 -> 31409419 | AG77: =+AE77*F77 -> 0 | AH77: =+AE77*G77 -> 31409419 | AI77: =+AE77*H77 -> 0
A78: Servicio de vigilancia física con medio humano, con arma, sin canino, con jornada laboral mes/12 horas Diurnas de domigo a domingo. | B78: (Interno y Externo) PALACIO DE JUSTICIA NUEVO, ARAUCA. PISOS 2,3,4 Y PARTE EXTERNA | C78: CALLE 21 N° 21-07 PALACIO DE JUSTICIA NUEVO | D78: Arauca | E78: 1 | G78: 1 | I78: =(((((1750905*$D$9+J78)*47.59%)/13*12)/30*7)+((((1750905*$D$9+J78)*52.41%)/11*0)/30*0)) -> 1833356 | J78: =+$D$4*3 -> 9391.6667 | K78: =SUM(I78)*10% -> 183335.6 | L78: =+I78+K78 -> 2016691.6 | M78: =ROUND(L78*$M$11,0) -> 201669 | N78: =ROUND(M78*19%,0) -> 38317 | O78: =+(L78+N78)*E78 -> 2055008.6 | Q78: =(((((1750905*$D$9+R78)*47.59%)/13*12)/30*30)+((((1750905*$D$9+R78)*52.41%)/11*0)/30*0)) -> 7857240.1 | R78: =+$D$4*3 -> 9391.6667 | S78: =SUM(Q78)*10% -> 785724.01 | T78: =+Q78+S78 -> 8642964.1 | U78: =ROUND(T78*$U$11,0) -> 864296 | V78: =ROUND(U78*19%,0) -> 164216 | W78: =+(T78+V78)*E78 -> 8807180.1 | X78: =(((((1750905*$D$9+Y78)*47.59%)/13*12)/30*10)+((((1750905*$D$9+Y78)*52.41%)/11*0)/30*0)) -> 2619080 | Y78: =+$D$4*3 -> 9391.6667 | Z78: =SUM(X78)*10% -> 261908 | AA78: =+X78+Z78 -> 2880988 | AB78: =ROUND(AA78*$U$11,0) -> 288099 | AC78: =ROUND(AB78*19%,0) -> 54739 | AD78: =+(AA78+AC78)*E78 -> 2935727 | AE78: =+O78+W78+AD78 -> 13797916 | AG78: =+AE78*F78 -> 0 | AH78: =+AE78*G78 -> 13797916 | AI78: =+AE78*H78 -> 0
A79: Servicio de vigilancia física con medio humano, SIN arma, sin canino, con jornada laboral mes/10 horas diurnas de Domingo a domingo | B79: SOTANO DEL PALACIO NUEVO DE ARAUCA | C79: CALLE 21 N° 21-07 PALACIO DE JUSTICIA NUEVO | D79: Arauca | E79: 1 | G79: 1 | I79: =(((((1750905*$D$9+J79)*47.59%)/13*10)/30*7)+((((1750905*$D$9+J79)*52.41%)/11*0)/30*0)) -> 1527796.7 | J79: =+$D$4*3 -> 9391.6667 | K79: =SUM(I79)*8% -> 122223.73 | L79: =+I79+K79 -> 1650020.4 | M79: =ROUND(L79*$M$11,0) -> 165002 | N79: =ROUND(M79*19%,0) -> 31350 | O79: =+(L79+N79)*E79 -> 1681370.4 | Q79: =(((((1750905*$D$9+R79)*47.59%)/13*10)/30*30)+((((1750905*$D$9+R79)*52.41%)/11*0)/30*0)) -> 6547700.1 | R79: =+$D$4*3 -> 9391.6667 | S79: =SUM(Q79)*8% -> 523816.01 | T79: =+Q79+S79 -> 7071516.1 | U79: =ROUND(T79*$U$11,0) -> 707152 | V79: =ROUND(U79*19%,0) -> 134359 | W79: =+(T79+V79)*E79 -> 7205875.1 | X79: =(((((1750905*$D$9+Y79)*47.59%)/13*10)/30*10)+((((1750905*$D$9+Y79)*52.41%)/11*0)/30*0)) -> 2182566.7 | Y79: =+$D$4*3 -> 9391.6667 | Z79: =SUM(X79)*8% -> 174605.34 | AA79: =+X79+Z79 -> 2357172 | AB79: =ROUND(AA79*$U$11,0) -> 235717 | AC79: =ROUND(AB79*19%,0) -> 44786 | AD79: =+(AA79+AC79)*E79 -> 2401958 | AE79: =+O79+W79+AD79 -> 11289204 | AG79: =+AE79*F79 -> 0 | AH79: =+AE79*G79 -> 11289204 | AI79: =+AE79*H79 -> 0
A80: Servicio de vigilancia física con medio humano, SIN arma, sin canino, con jornada laboral mes/10 horas diurnas de Domingo a domingo | B80: Parte externa - Palacio de justicia Antiguo Sistema Penal Acusatorio | C80: CALLE 19 NRO 21-31 | D80: Arauca | E80: 1 | G80: 1 | I80: =(((((1750905*$D$9+J80)*47.59%)/13*10)/30*7)+((((1750905*$D$9+J80)*52.41%)/11*0)/30*0)) -> 1527796.7 | J80: =+$D$4*3 -> 9391.6667 | K80: =SUM(I80)*8% -> 122223.73 | L80: =+I80+K80 -> 1650020.4 | M80: =ROUND(L80*$M$11,0) -> 165002 | N80: =ROUND(M80*19%,0) -> 31350 | O80: =+(L80+N80)*E80 -> 1681370.4 | Q80: =(((((1750905*$D$9+R80)*47.59%)/13*10)/30*30)+((((1750905*$D$9+R80)*52.41%)/11*0)/30*0)) -> 6547700.1 | R80: =+$D$4*3 -> 9391.6667 | S80: =SUM(Q80)*8% -> 523816.01 | T80: =+Q80+S80 -> 7071516.1 | U80: =ROUND(T80*$U$11,0) -> 707152 | V80: =ROUND(U80*19%,0) -> 134359 | W80: =+(T80+V80)*E80 -> 7205875.1 | X80: =(((((1750905*$D$9+Y80)*47.59%)/13*10)/30*10)+((((1750905*$D$9+Y80)*52.41%)/11*0)/30*0)) -> 2182566.7 | Y80: =+$D$4*3 -> 9391.6667 | Z80: =SUM(X80)*8% -> 174605.34 | AA80: =+X80+Z80 -> 2357172 | AB80: =ROUND(AA80*$U$11,0) -> 235717 | AC80: =ROUND(AB80*19%,0) -> 44786 | AD80: =+(AA80+AC80)*E80 -> 2401958 | AE80: =+O80+W80+AD80 -> 11289204 | AG80: =+AE80*F80 -> 0 | AH80: =+AE80*G80 -> 11289204 | AI80: =+AE80*H80 -> 0
A81: Servicio de vigilancia física con medio humano, SIN arma, sin canino, con jornada laboral mes/8 horas diurnas de lunes a viernes sin festivos | B81: PUESTO DE CONTROL ARCHIVO EDIFICIO ATENEA | C81: CALLE 19 NRO 25-28 | D81: Arauca | E81: 1 | G81: 1 | I81: =(((((1750905*$D$9+J81)*47.59%)/13*8)/30*4)+((((1750905*$D$9+J81)*52.41%)/11*0)/30*0)) -> 698421.34 | J81: =+$D$4*3 -> 9391.6667 | K81: =SUM(I81)*8% -> 55873.707 | L81: =+I81+K81 -> 754295.05 | M81: =ROUND(L81*$M$11,0) -> 75430 | N81: =ROUND(M81*19%,0) -> 14332 | O81: =+(L81+N81)*E81 -> 768627.05 | Q81: =(((((1750905*$D$9+R81)*47.59%)/13*8)/30*20)+((((1750905*$D$9+R81)*52.41%)/11*0)/30*0)) -> 3492106.7 | R81: =+$D$4*3 -> 9391.6667 | S81: =SUM(Q81)*8% -> 279368.54 | T81: =+Q81+S81 -> 3771475.2 | U81: =ROUND(T81*$U$11,0) -> 377148 | V81: =ROUND(U81*19%,0) -> 71658 | W81: =+(T81+V81)*E81 -> 3843133.2 | X81: =(((((1750905*$D$9+Y81)*47.59%)/13*8)/30*7)+((((1750905*$D$9+Y81)*52.41%)/11*0)/30*0)) -> 1222237.3 | Y81: =+$D$4*3 -> 9391.6667 | Z81: =SUM(X81)*8% -> 97778.988 | AA81: =+X81+Z81 -> 1320016.3 | AB81: =ROUND(AA81*$U$11,0) -> 132002 | AC81: =ROUND(AB81*19%,0) -> 25080 | AD81: =+(AA81+AC81)*E81 -> 1345096.3 | AE81: =+O81+W81+AD81 -> 5956856.6 | AG81: =+AE81*F81 -> 0 | AH81: =+AE81*G81 -> 5956856.6 | AI81: =+AE81*H81 -> 0
A82: Servicio de vigilancia física con medio humano, SIN arma, sin canino, con jornada laboral mes/10 horas Diurnas de domigo a domingo. | B82: NUEVO JUZGADO TAME | C82: TAME | D82: Tame | E82: 1 | G82: 1 | I82: =(((((1750905*$D$9+J82)*47.59%)/13*10)/30*7)+((((1750905*$D$9+J82)*52.41%)/11*0)/30*0)) -> 1527796.7 | J82: =+$D$4*3 -> 9391.6667 | K82: =SUM(I82)*8% -> 122223.73 | L82: =+I82+K82 -> 1650020.4 | M82: =ROUND(L82*$M$11,0) -> 165002 | N82: =ROUND(M82*19%,0) -> 31350 | O82: =+(L82+N82)*E82 -> 1681370.4 | Q82: =(((((1750905*$D$9+R82)*47.59%)/13*10)/30*30)+((((1750905*$D$9+R82)*52.41%)/11*0)/30*0)) -> 6547700.1 | R82: =+$D$4*3 -> 9391.6667 | S82: =SUM(Q82)*8% -> 523816.01 | T82: =+Q82+S82 -> 7071516.1 | U82: =ROUND(T82*$U$11,0) -> 707152 | V82: =ROUND(U82*19%,0) -> 134359 | W82: =+(T82+V82)*E82 -> 7205875.1 | X82: =(((((1750905*$D$9+Y82)*47.59%)/13*10)/30*10)+((((1750905*$D$9+Y82)*52.41%)/11*0)/30*0)) -> 2182566.7 | Y82: =+$D$4*3 -> 9391.6667 | Z82: =SUM(X82)*8% -> 174605.34 | AA82: =+X82+Z82 -> 2357172 | AB82: =ROUND(AA82*$U$11,0) -> 235717 | AC82: =ROUND(AB82*19%,0) -> 44786 | AD82: =+(AA82+AC82)*E82 -> 2401958 | AE82: =+O82+W82+AD82 -> 11289204 | AG82: =+AE82*F82 -> 0 | AH82: =+AE82*G82 -> 11289204 | AI82: =+AE82*H82 -> 0
A83: Servicio de vigilancia física con medio humano, con arma, sin canino, con jornada laboral mes/24 horas de domingo a domingo. | B83: RONDERO | C83: PALACIO DE JUSTICIA DE OCAÑA | D83: OCAÑA | E83: 1 | G83: 1 | I83: =(((((1750905*$D$9+J83)*47.59%)/13*13)/30*7)+((((1750905*$D$9+J83)*52.41%)/11*11)/30*7)) -> 4173430.7 | J83: =+$D$4*3 -> 9391.6667 | K83: =SUM(I83)*10% -> 417343.07 | L83: =+I83+K83 -> 4590773.8 | M83: =ROUND(L83*$M$11,0) -> 459077 | N83: =ROUND(M83*19%,0) -> 87225 | O83: =+(L83+N83)*E83 -> 4677998.8 | Q83: =(((((1750905*$D$9+R83)*47.59%)/13*13)/30*30)+((((1750905*$D$9+R83)*52.41%)/11*11)/30*30)) -> 17886132 | R83: =+$D$4*3 -> 9391.6667 | S83: =SUM(Q83)*10% -> 1788613.2 | T83: =+Q83+S83 -> 19674745 | U83: =ROUND(T83*$U$11,0) -> 1967474 | V83: =ROUND(U83*19%,0) -> 373820 | W83: =+(T83+V83)*E83 -> 20048565 | X83: =(((((1750905*$D$9+Y83)*47.59%)/13*13)/30*10)+((((1750905*$D$9+Y83)*52.41%)/11*11)/30*10)) -> 5962043.9 | Y83: =+$D$4*3 -> 9391.6667 | Z83: =SUM(X83)*10% -> 596204.39 | AA83: =+X83+Z83 -> 6558248.3 | AB83: =ROUND(AA83*$U$11,0) -> 655825 | AC83: =ROUND(AB83*19%,0) -> 124607 | AD83: =+(AA83+AC83)*E83 -> 6682855.3 | AE83: =+O83+W83+AD83 -> 31409419 | AG83: =+AE83*F83 -> 0 | AH83: =+AE83*G83 -> 31409419 | AI83: =+AE83*H83 -> 0
A84: Medios Tecnológicos | B84: (Ver detalle) | C84: MT | E84: 1 | F84: =SUM(F13:F82)/70 -> 0.012714286 | G84: =SUM(G13:G82)/70 -> 0.98671429 | H84: =SUM(H13:H82)/70 -> 0.00057142857 | I84: =+$D$5/30*7 -> 12667277 | M84: =+I84*10% -> 1266727.7 | N84: =+M84*19% -> 240678.26 | O84: =+I84+N84 -> 12907955 | Q84: =+$D$5/30*30 -> 54288329 | U84: =+Q84*10% -> 5428832.9 | V84: =+U84*19% -> 1031478.3 | W84: =+Q84+V84 -> 55319807 | X84: =+$D$5/30*10 -> 18096110 | AB84: =+X84*10% -> 1809611 | AC84: =+AB84*19% -> 343826.08 | AD84: =+X84+AC84 -> 18439936 | AE84: =+O84+W84+AD84 -> 86667698 | AG84: =+AE84*F84 -> 1101917.9 | AH84: =+AE84*G84 -> 85516256 | AI84: =+AE84*H84 -> 49524.399
C85: cantidad de servicios | E85: =SUM(E13:E83) -> 72 | L85: 1-VALOR DEL 24 AL 31 DIAS OCTUBRE 2026 CON TARIFA (10,21) (07 DIAS) | O85: =SUM(O13:O84) -> 1.7444992e+08 | T85: 2- VALOR DE NOVIEMBRE 2026 CON TARIFA (10,21) (30 DIAS) | W85: =SUM(W13:W84) -> 7.681727e+08 | AA85: 3- VALOR DE DIEZ DIAS DE DICIEMBRE 2026 CON TARIFA (10,21) (10 DIAS) | AD85: =SUM(AD13:AD84) -> 2.5823379e+08 | AE85: =SUM(AE13:AE84) -> 1.2008564e+09 | AG85: =SUM(AG13:AG84) -> 21733407 | AH85: =SUM(AH13:AH84) -> 1.1778399e+09 | AI85: =SUM(AI13:AI84) -> 1283057.9
AG86: =+AG85+AH85+AI85 -> 1.2008564e+09

Sheet CONTROL PAGOS
A1: NORTE DE SANTANDER Y ARAUCA 24 DE OCTUBRE AL 10 DE DIC 2026
B4: UNIDADES | C4: U2 | D4: U8 | E4: U9 | F4: TOTAL
B5: PORCENTAJE | C5: =+C6/$F$6*$F$5 -> 0.018098256 | D5: =+D6/$F$6*$F$5 -> 0.98083329 | E5: =+E6/$F$6*$F$5 -> 0.0010684525 | F5: 1
B6: VIGENCIA 2026 | C6: =+ROUND(CALCULOS!AG85,0) -> 21733407 | D6: =+ROUND(CALCULOS!AH85,0) -> 1177839941 | E6: =+ROUND(CALCULOS!AI85,0) -> 1283058 | F6: =SUM(C6:E6) -> 1200856406 | G6: VALR MAX A ADICIONAR
B7: TOTAL CONTRATO | C7: =+C6 -> 21733407 | D7: =+D6 -> 1177839941 | E7: =+E6 -> 1283058 | F7: =+F6 -> 1200856406 | G7: =+F6/2 -> 600428203
A11: C-008-2026
A12: PAGOS | B12: FECHA | C12: U2 | D12: U8 | E12: U9 | F12: TOTAL | G12: % | H12: TURNOS
A13: 1 | B13: 7 DIAS DE OCTUBRE DEL 2026 | C13: =+ROUNDUP(F13*C5,0) -> 3157240 | D13: =+ROUNDDOWN(F13*D5,0) -> 171106285 | E13: =+ROUND(F13*E5,0) -> 186391 | F13: =+ROUND(CALCULOS!O85,0) -> 174449916 | G13: =SUM(F13*$F$5/$F$7) -> 0.14527125 | H13: 70
A14: 2 | B14: 46327 | C14: =+ROUND(F14*C5,0) -> 13902586 | D14: =+ROUND(F14*D5,0) -> 753449361 | E14: =+ROUND(F14*E5,0) -> 820756 | F14: =+ROUND(CALCULOS!W85,0) -> 768172703 | G14: =SUM(F14*$F$5/$F$7) -> 0.63968739 | H14: 70
A15: 3 | B15: 10 Dias de diciembre 2026 | C15: =+ROUND(F15*C5,0) -> 4673581 | D15: =+ROUND(F15*D5,0) -> 253284295 | E15: =+ROUND(F15*E5,0) -> 275911 | F15: =+ROUND(CALCULOS!AD85,0) -> 258233787
A16: AVANCE DEL CONTRATO | C16: =SUM(C13:C15) -> 21733407 | D16: =SUM(D13:D15) -> 1177839941 | E16: =SUM(E13:E15) -> 1283058 | F16: =SUM(F13:F15) -> 1200856406 | G16: =SUM(G13:G14) -> 0.78495865 | H16: N/A
A17: Saldo | C17: =+C7-C16 -> 0 | D17: =+D7-D16 -> 0 | E17: =+E7-E16 -> 0 | F17: =+F7-F16 -> 0 | G17: =+F5-G16 -> 0.21504135
